 Dungeon Crawl Stone Soup version 0.31-a0-716-gc7603755dd (webtiles) character file.

Game seed: 9539630282246265178

809472 ooooo the Metallomancer (level 27, -22/195 HPs)
             Began as an Octopode Conjurer on Sept 10, 2023.
             Was an Initiate of Gozag.
             Killed from afar by a Hell Sentinel (39 damage)
             ... with damnation
             ... on level 26 of a ziggurat on Sept 11, 2023.
             The game lasted 08:10:36 (138295 turns).

ooooo the Metallomancer (Octopode Conjurer)       Turns: 138295, Time: 08:10:36

Health: -22/195    AC: 15    Str: 12    XL:     27
Magic:  1/37       EV: 27    Int: 42    God:    Gozag
Gold:   162        SH: 11    Dex: 23    Spells: 7/55 levels left

rFire   + + +        h - staff of Terror {rElec rPois rF+ SInv Fire}
rCold   + + +        j - +2 buckler of Zin's Castigation {rPois rCorr Str+3 Stlth+}
rNeg    + + +        R - +2 hat of Onwaqiar {rC++}
rPois   +            s - amulet "Peenoas" {RegenMP rN+ Will+}
rElec   +            z - +4 ring of protection
rCorr   +            y - ring "Zawol" {rN++ Slay+4}
SInv    +            H - ring of the Doge {Wiz Will+ Str-5 Dex+6 SInv}
Will    +++++        b - +4 ring of protection
Stlth   +++++++++    G - ring of Kic Pao {Str+3 Int+6}
HPRegen 0.00/turn    C - ring of Etrotul {rF+ rC+ Str+2 SInv Stlth-}
MPRegen 0.65/turn    S - ring "Ikefeemue" {rPois rF+ Will++ Int+2}
                     L - ring of Youthful Indiscretion {rF+ Int+3 Dex+6}

%: wizardry (x1)
@: brilliant, resistant, gold aura, very slightly contaminated, inhibited regen,
hasted, studying 7 skills, invisible, very quick
A: almost no armour, amphibious, 8 rings, camouflage 1, gelatinous body 1,
(nimble swimmer 1), tentacles, iridescent scales 2, low MP 1, poison resistance,
inhibited regeneration, noise suppression
}: 4/15 runes: serpentine, barnacled, slimy, silver
a: Renounce Religion, Potion Petition, Call Merchant, Bribe Branch


You were on level 26 of a ziggurat.
You worshipped Gozag.
Gozag was aware of your devotion.
You visited 12 branches of the dungeon, and saw 52 of its levels.
You visited 1 bazaar.
You visited 1 ziggurat, and saw 26 of its levels.
You also visited: Gauntlet and Ice Cave.

You collected 41693 gold pieces.
You spent 5715 gold pieces at shops.
You paid 35816 gold pieces to Gozag.

Inventory:

Hand Weapons
 I - the +6 arbalest "Damnation" {damnation}
   (You found it on level 13 of a ziggurat)
Armour
 j - the +2 buckler of Zin's Castigation (worn) {rPois rCorr Str+3 Stlth+}
   (You acquired it on level 3 of the Dungeon)

   Str+3:     It affects your strength (+3).
   rPois:     It protects you from poison rCorr: It protects you from acid and
   corrosion.
   Stlth+:    It makes you more stealthy.
 t - the orb "Lyppit" {light, Contam Regen+ Int+4}
   (You found it on level 24 of a ziggurat)

   Int+4:     It affects your intelligence (+4).
   Contam:    It causes magical contamination when unequipped.
   Regen+:    It increases your rate of health regeneration.
 R - the +2 hat of Onwaqiar (worn) {rC++}
   (You acquired it on level 12 of the Dungeon)

   rC++:      It greatly protects you from cold.
Magical Staves
 h - the staff of Terror (weapon) {rElec rPois rF+ SInv Fire}
   (You found it on level 19 of a ziggurat)

   [staff of fire]

   Base accuracy: +5 Base damage: 5 Base attack delay: 1.2 This weapon's minimum
   attack delay (0.6) is reached at skill level 12.
   rF+:       It protects you from fire.
   rElec:     It insulates you from electricity.
   rPois:     It protects you from poison SInv: It lets you see invisible.
   Fire:      It increases the power of your Fire spells.
   It falls into the 'Staves' category.
   It is a one-tentacled weapon.
 B - the staff "Fygikhla" {Drain rElec rPois Stlth+ Poison}
   (You found it on level 5 of the Vaults)

   [staff of poison]

   Base accuracy: +5 Base damage: 5 Base attack delay: 1.2 This weapon's minimum
   attack delay (0.6) is reached at skill level 12.
   rElec:     It insulates you from electricity.
   rPois:     It protects you from poison Drain: It drains your maximum health
   when unequipped.
   Stlth+:    It makes you more stealthy.
   Poison:    It increases the power of your Poison spells.
   It falls into the 'Staves' category.
   It is a one-tentacled weapon.
Jewellery
 b - a +4 ring of protection (on tentacle)
 o - a ring of resist corrosion
 s - the amulet "Peenoas" (around mantle) {RegenMP rN+ Will+}
   (You took it off a mummy priest on level 2 of the Crypt)

   [amulet of magic regeneration]

   RegenMP:   It increases your rate of magic regeneration.
   rN+:       It protects you from negative energy.
   Will+:     It increases your willpower.
 w - a ring of flight
 y - the ring "Zawol" (right tentacle) {rN++ Slay+4}
   (You took it off an ironbound preserver on level 5 of the Vaults)

   [ring of slaying]

   Slay+4:    It affects your accuracy & damage with ranged weapons and melee
   (+4).
   rN++:      It greatly protects you from negative energy.
 z - a +4 ring of protection (left tentacle)
 A - the ring of Ibeumaik {+Blink rElec rN++ Int+2 SInv}
   (You acquired it on level 8 of a ziggurat)

   [ring of see invisible]

   Int+2:     It affects your intelligence (+2).
   rElec:     It insulates you from electricity.
   rN++:      It greatly protects you from negative energy.
   SInv:      It lets you see invisible.
   +Blink:    It lets you blink.
 C - the ring of Etrotul (on tentacle) {rF+ rC+ Str+2 SInv Stlth-}
   (You bought it in a shop on level 2 of the Snake Pit)

   [ring of see invisible]

   Str+2:     It affects your strength (+2).
   rF+:       It protects you from fire.
   rC+:       It protects you from cold.
   SInv:      It lets you see invisible.
   Stlth-:    It makes you less stealthy.
 F - the ring of Ethaitec {Fly rF- rC++ Int+5}
   (You found it on level 22 of a ziggurat)

   [ring of flight]

   Int+5:     It affects your intelligence (+5).
   rF-:       It makes you vulnerable to fire.
   rC++:      It greatly protects you from cold.
   Fly:       It grants you flight.
 G - the ring of Kic Pao (on tentacle) {Str+3 Int+6}
   (You found it on level 2 of the Vaults)

   [ring of intelligence]

   Str+3:     It affects your strength (+3).
   Int+6:     It affects your intelligence (+6).
 H - the ring of the Doge (on tentacle) {Wiz Will+ Str-5 Dex+6 SInv}
   (You found it on level 12 of a ziggurat)

   [ring of wizardry]

   Wiz:       It improves your spell success rate.
   Str-5:     It affects your strength (-5).
   Dex+6:     It affects your dexterity (+6).
   Will+:     It increases your willpower.
   SInv:      It lets you see invisible.
 L - the ring of Youthful Indiscretion (on tentacle) {rF+ Int+3 Dex+6}
   (You found it on level 4 of the Lair of Beasts)

   [ring of dexterity]

   Int+3:     It affects your intelligence (+3).
   Dex+6:     It affects your dexterity (+6).
   rF+:       It protects you from fire.
 O - the ring of Ikkotin {rC+ Int+3}
   (You found it on level 25 of a ziggurat)

   [ring of protection from cold]

   Int+3:     It affects your intelligence (+3).
   rC+:       It protects you from cold.
 S - the ring "Ikefeemue" (on tentacle) {rPois rF+ Will++ Int+2}
   (You took it off a spriggan air mage on level 2 of the Depths)

   [ring of poison resistance]

   Int+2:     It affects your intelligence (+2).
   rF+:       It protects you from fire.
   rPois:     It protects you from poison Will++: It greatly increases your
   willpower.
 T - the ring of Zutizif {rF+ rC+ SInv}
   (You found it on level 24 of a ziggurat)

   [ring of see invisible]

   rF+:       It protects you from fire.
   rC+:       It protects you from cold.
   SInv:      It lets you see invisible.
 W - the ring of Ydostasuo {Wiz Drain rN++ rCorr Str+3}
   (You found it on level 17 of a ziggurat)

   [ring of wizardry]

   Wiz:       It improves your spell success rate.
   Str+3:     It affects your strength (+3).
   rN++:      It greatly protects you from negative energy.
   rCorr:     It protects you from acid and corrosion.
   Drain:     It drains your maximum health when unequipped.
Talismans
 a - a granite talisman
 m - a serpent talisman
 J - a talisman of death
Wands
 d - a wand of digging (39)
 E - a wand of roots (77)
 K - a wand of paralysis (44)
 M - a wand of quicksilver (61)
Scrolls
 e - 24 scrolls of teleportation
 g - 9 scrolls of revelation
 i - a scroll of amnesia
 k - 7 scrolls of immolation
 p - 3 scrolls of silence
 x - 4 scrolls of vulnerability
 D - 13 scrolls of fog
 N - 3 scrolls of blinking
 P - 4 scrolls of torment
 X - 5 scrolls of poison
Potions
 c - 6 potions of enlightenment
 f - 3 potions of haste
 n - 13 potions of mutation
 q - 14 potions of curing
 r - 2 potions of lignification
 u - 5 potions of cancellation
 Z - 2 potions of invisibility
Miscellaneous
 v - a lightning rod (1/4)
 Q - a tin of tremorstones (1/2)
 V - a phial of floods


   Skills:
 + Level 18.0 Fighting
 + Level 16.8 Dodging
 - Level 20.3 Stealth
 + Level 14.0 Shields
 * Level 14.9 Spellcasting
 - Level 23.0 Conjurations
 - Level 7.0 Hexes
 - Level 10.3 Summonings
 - Level 7.0 Translocations
 - Level 5.0 Transmutations
 - Level 23.0 Fire Magic
 - Level 15.2 Ice Magic
 * Level 9.2 Air Magic
 - Level 24.0 Earth Magic
 - Level 12.6 Evocations
 * Level 19.1 Shapeshifting


You had 7 spell levels left.
You knew the following spells:

 Your Spells              Type           Power      Damage    Failure   Level
a - Lehudib's Crystal Sp  Conj/Erth      74%        10d17     1%          8
c - Spellforged Servitor  Conj/Summ      65%        N/A       1%          7
e - Ozocubu's Refrigerat  Ice            63%        4d21      1%          7
f - Fire Storm            Conj/Fire      86%        8d22      3%          9
h - Shatter               Erth           74%        3d54*     2%          9
i - Ignition              Fire           86%        3d22      1%          8

Your spell library contained the following spells:

 Spells                   Type           Power      Damage    Failure   Level
 Foxfire                  Conj/Fire      100%       2x1d9     0%          1
 Freeze                   Ice            100%       1d10      0%          1
 Kiss of Death            Conj/Necr      100%       2d13      0%          1
 Magic Dart               Conj           100%       1d8       0%          1
 Sandblast                Erth           100%       2d20      0%          1
 Shock                    Conj/Air       100%       1d9       0%          1
 Summon Small Mammal      Summ           100%       N/A       0%          1
 Call Imp                 Summ           100%       N/A       0%          2
 Ensorcelled Hibernation  Hex/Ice        100%       N/A       0%          2
 Momentum Strike          Conj/Tloc      100%       3d10      0%          2
 Passwall                 Tmut/Erth      100%       N/A       0%          2
 Searing Ray              Conj           100%       2d8       0%          2
 Static Discharge         Conj/Air       100%       2-7/arc   0%          2
 Dazzling Flash           Conj/Hex       100%       N/A       0%          3
 Frozen Ramparts          Ice            100%       1d16      0%          3
 Hailstorm                Conj/Ice       100%       3d20      0%          3
 Inner Flame              Hex/Fire       100%       N/A       0%          3
 Ozocubu's Armour         Ice            100%       N/A       0%          3
 Stone Arrow              Conj/Erth      100%       3d13      0%          3
 Volatile Blastmotes      Fire/Tloc      100%       2d18      0%          3
 Flame Wave               Conj/Fire      100%       2d21      0%          4
 Fulminant Prism          Conj/Hex       62%        3d26      0%          4
 Iskenderun's Mystic Bla  Conj/Tloc      100%       2d19      0%          4
 Leda's Liquefaction      Hex/Erth       63%        N/A       0%          4
 Sticky Flame             Conj/Fire      100%       2d11      0%          4
 Fireball                 Conj/Fire      86%        3d32      0%          5
 Iskenderun's Battlesphe  Conj           100%       2d15      0%          5
 Lee's Rapid Deconstruct  Erth           74%        3d33*     0%          5
 Leda's Unmaking          Conj/Erth      74%        9d12      0%          6
 Starburst                Conj/Fire      86%        6d22      0%          6
 Necrotise                Necr           100%       1d9       1%          1
 Slow                     Hex            100%       N/A       1%          1
 Sting                    Tmut/Pois      100%       1d8       1%          1
 Blink                    Tloc           100%       N/A       1%          2
 Cigotuvi's Dreadful Rot  Necr/Pois/Air  100%       N/A       1%          2
 Jinxbite                 Hex            100%       N/A       1%          2
 Lesser Beckoning         Tloc           100%       N/A       1%          2
 Poisonous Vapours        Pois/Air       100%       N/A       1%          2
 Sublimation of Blood     Necr           47%        N/A       1%          2
 Wereblood                Tmut           84%        N/A       1%          2
 Call Canine Familiar     Summ           100%       N/A       1%          3
 Confusing Touch          Hex            94%        N/A       1%          3
 Gell's Gravitas          Tloc           94%        N/A       1%          3
 Ignite Poison            Fire/Tmut/Pois 100%       N/A       1%          3
 Mephitic Cloud           Conj/Pois/Air  100%       N/A       1%          3
 Sigil of Binding         Hex            94%        N/A       1%          3
 Summon Guardian Golem    Hex/Summ       100%       N/A       1%          3
 Swiftness                Air            100%       N/A       1%          3
 Teleport Other           Tloc           94%        N/A       1%          3
 Tukima's Dance           Hex            94%        N/A       1%          3
 Vampiric Draining        Necr           47%        2d9       1%          3
 Airstrike                Air            52%        2d(8-24)  1%          4
 Dimensional Bullseye     Hex/Tloc       47%        N/A       1%          4
 Manifold Assault         Tloc           94%        N/A       1%          4
 Passage of Golubria      Tloc           94%        N/A       1%          4
 Petrify                  Tmut/Erth      100%       N/A       1%          4
 Summon Ice Beast         Ice/Summ       100%       N/A       1%          4
 Summon Lightning Spire   Summ/Air       100%       N/A       1%          4
 Vhi's Electric Charge    Tloc/Air       100%       N/A       1%          4
 Arcjolt                  Conj/Air       64%        1d74      1%          5
 Borgnjor's Vile Clutch   Necr/Erth      57%        N/A       1%          5
 Freezing Cloud           Conj/Ice/Air   64%        6-21      1%          5
 Irradiate                Conj/Tmut      61%        3d32      1%          5
 Metabolic Englaciation   Hex/Ice        56%        N/A       1%          5
 Silence                  Hex/Air        49%        N/A       1%          5
 Summon Forest            Summ/Tloc      51%        N/A       1%          5
 Summon Mana Viper        Hex/Summ       100%       N/A       1%          5
 Yara's Violent Unravell  Hex/Tmut       44%        3d17      1%          5
 Conjure Ball Lightning   Conj/Air       64%        3x3d23    1%          6
 Plasma Beam              Fire/Air       77%        2x1d94    1%          6
 Summon Cactus Giant      Summ           54%        N/A       1%          6
 Orb of Destruction       Conj           73%        9d17      1%          7
 Dispel Undead            Necr           47%        3d18      4%          4
 Olgreb's Toxic Radiance  Pois           47%        N/A       4%          4
 Alistair's Intoxication  Tmut/Pois      45%        N/A       4%          5
 Dispersal                Tloc           47%        N/A       4%          6
 Summon Hydra             Summ           54%        N/A       5%          7
 Malign Gateway           Summ/Tloc      51%        N/A       11%         7
 Agony                    Necr           47%        N/A       12%         5
 Enfeeble                 Hex            47%        N/A       21%         7
 Eringya's Noxious Bog    Tmut/Pois      34%        4d6       24%         6
 Haunt                    Necr/Summ      42%        N/A       41%         7
 Death Channel            Necr           23%        N/A       52%         6
 Summon Horrible Things   Summ           54%        N/A       38%         8
 Chain Lightning          Conj/Air       64%        3d86      50%         9
 Maxwell's Capacitive Co  Air            52%        ∞         52%         8
 Discord                  Hex            47%        N/A       82%         8
 Disjunction              Tloc           47%        N/A       82%         8
 Borgnjor's Revivificati  Necr           23%        N/A       100%        8
 Infestation              Necr           23%        N/A       100%        8
 Death's Door             Necr           23%        N/A       100%        9
 Simulacrum               Ice/Necr       Unusable   N/A       N/A         6
 Animate Dead             Necr           Unusable   N/A       N/A         4

Dungeon Overview and Level Annotations

Branches:
Dungeon (15/15) Zot: 19662  Temple (1/1) D:5 Zot: 5941    Lair (5/5) D:9 Zot: 18220
 Shoals (4/4) Lair:2 Zot: 11353   Snake (4/4) Lair:2 Zot: 1631   Slime (5/5) Lair:5 Zot: 25158
    Orc (2/2) D:9 Zot: 7423     Elf (3/3) Orc:2 Zot: 10329  Vaults (5/5) D:13 Zot: 6965
  Crypt (3/3) Vaults:2 Zot: 10294    Tomb (1/3) Crypt:3 Zot: 1310  Depths (4/4) D:15 Zot: 8064
    Zot (0/5) Depths:4      IceCv (visited)         Gauntlet (visited)

Altars:
Ashenzari
Cheibriados
Dithmenos
Elyvilon
Fedhas
Gozag
Hepliaklqana
Kikubaaqudgha
Makhleb
Nemelex Xobeh
Okawaru
Qazlal
Ru
Sif Muna
Trog
Uskayaw
Vehumet
Wu Jian
Xom
Yredelemnul
Zin
The Shining One
Jiyva

Shops:
D:9 ?*?:!*=   D:11 *   D:14 (   D:15 ***=   Orc:2 (=?*   Snake:2 (=::
Vaults:4 (   Depths:1 ?   Depths:4 :

Portals:
Hell: Depths:1 Depths:2 Depths:3 Depths:4
Abyss: Depths:1 Depths:3
Pandemonium: Orc:2 Depths:2 Depths:4

Annotations:
D:7 2 transporters
Lair:2 2 transporters
Snake:2 1 runed translucent door, Ruet's ghost, adept AtFi
Snake:4 1 runed translucent door, rjrrt's ghost, adept DsBe
Crypt:1 1 runed translucent door, Gacleu's ghost, adept GrFi


Innate Abilities, Weirdness & Mutations

You cannot wear most types of armour.
You are amphibious.
You can wear up to eight rings at the same time.
Your skin changes colour to match your surroundings (Stealth+).
Your rubbery body absorbs attacks. (AC +1, EV +1)
((You are camouflaged when in or above water. (Stealth+)))
You have tentacles for arms and can constrict up to eight enemies at once.
You are mostly covered in iridescent scales. (AC +4)
Your magical capacity is low. (-10% MP)
Your system is resistant to poisons. (rPois)
You do not regenerate when monsters are visible.
You passively dampen the noise of your surroundings.


Message History

Casting: Spellforged Servitor (mildly dangerous; 1% risk of failure)
Confirm with . or Enter, or press ? or * to list all spells.
You feel a surge of power!
The dungeon rumbles!
Your spellforged servitor is heavily damaged.
You kill the Hell Sentinel!
The Hell Sentinel is no longer distracted by gold.
The Hell Sentinel is almost dead.
You kill the demonspawn blood saint!
The demonspawn warmonger is heavily wounded.
Flame seeps out of the demonspawn black sun.
The demonspawn black sun is severely wounded.
The soul eater is severely wounded.
You kill the hellion!
The ice devil explodes!
The rust devil explodes!
The cacodemon explodes!
The fiery explosion engulfs the Hell Sentinel.
The Hell Sentinel completely resists.
The Hell Sentinel is almost dead.
You hear a sizzling sound!
The fiery explosion engulfs the demonspawn warmonger!!!
The demonspawn warmonger is almost dead.
Your lightning rod (1/4) has regained one charge.
Your Fighting skill increases to level 18!
Unknown command.
Okay, then.
Blink to where?
Press: ? - help, Dir - move target An ice devil, an orange demon, a smoke demon and a Hell Sentinel come into view.
As you read the scroll of blinking, it crumbles to dust.
Your spellforged servitor points at the demonspawn black sun and mumbles some strange words.
The crystal spear hits the demonspawn black sun!
Flame seeps out of the demonspawn black sun.
A demonspawn blood saint comes into view.
It is wielding a +0 dagger and wearing a +1 robe of resistance.
The demonspawn black sun is engulfed in blazing flames.
Flame seeps out of the demonspawn black sun.
The demonspawn black sun is distracted by your dazzling golden aura.
The Hell Sentinel gestures at you.
The sphere of damnation explodes!
The damnation engulfs you!!!
You die...
Your body crumbles into a pile of gold.

▓▓▓▓▓▓ .........▓▓
..........▓▓
..........@▓▓
...$......§§▓▓
..........§§§▓▓
.$$.......§§§§▓▓
4$..$.....§§§§§▓▓
$.6$..$13.§§§6§9▓▓
32.$$.$4$$§§3☼..§▓▓
$$$$$.4..6○$§1☼§§§▓
$.$..1....§$.6§§§▓▓


You could see 2 Hell Sentinels, a demonspawn blood saint (wandering, unable to
see you), a demonspawn black sun (inner flame, strong, black mark, unaware, ally
target), a soul eater (agile, black mark), an orange demon (wandering, unable to
see you), an ice devil (wandering, black mark, unable to see you), a smoke demon
(wandering, unable to see you) and a friendly spellforged servitor (summoned).

Vanquished Creatures
  the Royal Jelly (Slime:5)
  Dissolution (Slime:3)
  8 pandemonium lords
  3 dread liches
  An ancient lich (Vaults:4)
  2 juggernauts
  34 royal mummies
  Sojobo (Vaults:4)
  3 shard shrikes (Zig:23)
  Margery (Depths:4)
  Saint Roka (Vaults:2)
  Bai Suzhen (D:15)
  23 caustic shrikes
  3 Killer Klowns (Zig:10)
  3 profane servitors
  A golden dragon (Depths:3)
  Nikola (Snake:3)
  A bone dragon (Zig:20)
  A pearl dragon (Zig:20)
  5 Brimstone Fiends
  8 Tzitzimimeh
  An iron giant (Zig:9)
  Jorgrun (Elf:2)
  6 tentacled monstrosities
  Mlioglotl (Shoals:1)
  7 Ice Fiends
  10 titans
  Asterion (Vaults:2)
  9 Hell Sentinels
  6 liches
  2 deep elf master archers (Elf:3)
  15 acid blobs
  A kraken (Shoals:4)
  7 sphinxes
  2 deep elf blademasters (Elf:3)
  Polyphemus (Shoals:2)
  5 Executioners
  4 tentacled starspawn
  7 storm dragons
  An ancient champion (Zig:9)
  Donald (Vaults:4)
  3 revenants
  10 rockslimes
  11 draconian monks
  Roxanne (D:14)
  Aizul (Vaults:2)
  5 tengu reavers
  12 azure jellies
  14 nagarajas (Snake:4)
  A daeva (Zig:18)
  5 shadow dragons
  Kirke (Elf:1)
  10 draconian knights
  8 narguns (Zig:23)
  A quicksilver elemental (Zig:9)
  6 fire giants
  9 draconian scorchers
  5 iron dragons
  7 deep elf sorcerers
  6 frost giants
  6 demonspawn warmongers
  Louise (Shoals:1)
  A caustic shrike zombie (Zig:25)
  8 draconian shifters
  8 balrugs
  9 ghost moths (Zig:21)
  2 curse skulls
  2 emperor scorpions (Zig:21)
  12 vault wardens
  2 spriggan defenders (Depths:3)
  A deep elf elementalist (Depths:2)
  A juggernaut skeleton (Zig:25)
  4 war gargoyles
  6 reapers
  3 juggernaut zombies
  4 formless jellyfish
  4 ghouls
  8 demonspawn corrupters
  3 orc warlords
  8 draconian annihilators
  9 quicksilver oozes
  22 ironbound preservers
  18 very ugly things
  7 cacodemons
  8 ironbound thunderhulks
  3 demonspawn blood saints
  14 stone giants
  10 draconian stormcallers
  2 broodmothers (Zig:21)
  12 vampire knights
  6 white draconians
  3 demonspawn black suns (Zig:26)
  4 black draconians
  2 bennus (Zig:25)
  Azrael (Elf:2)
  4 deep elf annihilators (Elf:3)
  16 wendigos (Zig:23)
  A dire elephant (Vaults:1)
  2 lorocyprocas
  12 green draconians
  2 red draconians (Zig:22)
  3 deep elf demonologists
  11 purple draconians
  5 yellow draconians
  A putrid mouth (Zig:20)
  A bunyip (shapeshifter) (Vaults:5)
  8 spark wasps
  A minotaur (Gauntlet)
  6 blizzard demons
  8 deep elf death magi
  An ettin (shapeshifter) (Depths:2)
  5 green deaths
  An eidolon (Crypt:1)
  3 crystal guardians
  3 iron golems
  5 merfolk javelineers
  18 mummy priests
  16 yaktaur captains
  11 entropy weavers
  4 jiangshi (Crypt:3)
  11 ettins
  A quicksilver dragon zombie (Zig:25)
  8 fire dragons
  3 deep elf high priests
  12 merfolk impalers
  4 salamander tyrants
  A spriggan zombie (Zig:24)
  21 great orbs of eyes
  32 vault guards
  Erolcha (D:13)
  5 hydras
  A peacekeeper (Vaults:4)
  5 hell beasts
  6 rakshasas
  6 ice dragons
  Harold (Lair:1)
  2 spriggan air magi
  3 merfolk avatars
  A catoblepas (Shoals:2)
  A juggernaut simulacrum (Zig:25)
  8 centaur warriors
  8 ironbound frosthearts
  4 jorogumos (Zig:21)
  7 anacondas
  11 two-headed ogres
  2 demonspawn (Orc:2)
  3 ogre magi
  A sphinx zombie (Vaults:4)
  20 naga warriors
  An alligator snapping turtle (Shoals:2)
  7 death yaks
  37 dancing weapons
  12 merfolk aquamancers
  6 vampire magi
  10 boulder beetles
  24 death scarabs
  6 deep troll earth magi
  4 sphinx skeletons
  3 deep troll shamans
  5 thrashing horrors (Zig:20)
  15 naga sharpshooters
  6 tengu warriors
  3 satyrs
  10 orc high priests
  6 demonic crawlers
  9 shock serpents
  5 hell knights
  Nergalle (Lair:1)
  A titan skeleton (Tomb:1)
  A sun demon (Zig:26)
  7 salamander mystics
  17 deep elf knights
  2 soul eaters
  3 wretched stars (Zig:20)
  Amaemon (Lair:2)
  A crystal echidna (Zig:9)
  6 skysharks
  3 spriggan berserkers
  A sixfirhy (Zig:3)
  65 deep trolls
  A golden dragon zombie (Zig:25)
  6 iron trolls
  3 shadow wraiths
  15 skeletal warriors
  A skyshark (shapeshifter) (D:13)
  5 pharaoh ants (Zig:21)
  A spriggan simulacrum (Zig:25)
  A golden dragon skeleton (Zig:25)
  6 orb spiders (Zig:21)
  17 sea snakes
  A tengu zombie (Zig:25)
  3 naga ritualists
  A quicksilver dragon simulacrum (Depths:1)
  A death drake (shapeshifter) (Vaults:3)
  A deep troll (shapeshifter) (Depths:3)
  3 orange crystal statues
  13 orc knights
  4 shadow demons
  21 ironbound convokers
  7 wizards
  8 flayed ghosts
  3 glowing orange brains
  A steelbarb worm (Zig:21)
  6 phantasmal warriors
  21 harpies
  29 deep elf pyromancers
  11 deep elf archers
  An obsidian statue (Zig:18)
  6 starcursed masses (Zig:20)
  16 necromancers
  15 lindwurms
  A harpy (shapeshifter) (D:12)
  39 ugly things
  2 tengu skeletons
  5 fauns
  29 deep elf zephyrmancers
  A shining eye (Slime:3)
  A human zombie (Vaults:4)
  14 orc sorcerers
  6 wolf spiders (Zig:21)
  14 cyclopes
  A shadow dragon skeleton (Zig:25)
  A worldbinder (Zig:20)
  7 mana vipers
  3 moths of wrath (Zig:21)
  7 elephants
  A moth of wrath (shapeshifter) (Zig:5)
  10 manticores
  26 salamanders
  8 merfolk sirens
  32 black mambas
  A naga zombie (Crypt:3)
  17 vault sentinels
  3 ice statues (Zig:18)
  7 guardian serpents
  15 naga magi
  3 apocalypse crabs
  13 water nymphs
  6 gargoyles
  7 smoke demons
  6 orange demons
  7 torpor snails
  2 rust devils (Zig:26)
  10 cane toads
  3 kobold demonologists
  33 yaktaurs
  3 unseen horrors
  A komodo dragon (shapeshifter) (Zig:10)
  8 hellions
  7 rime drakes
  4 freezing wraiths
  6 komodo dragons
  8 tormentors
  5 tengu conjurers
  4 ancient zymes
  38 guardian mummies
  2 ice devils
  37 merfolk
  9 wind drakes
  A death drake zombie (Crypt:1)
  4 polar bears
  3 tarantellas (Zig:21)
  A merfolk (shapeshifter) (Zig:10)
  3 hornets
  11 trolls
  17 large abominations
  3 hellwings
  2 raiju (Zig:20)
  16 blink frogs
  A dream sheep (shapeshifter) (Vaults:5)
  16 dream sheep
  18 snapping turtles
  2 human simulacra
  36 flying skulls
  A fire giant simulacrum (Vaults:2)
  77 slime creatures
  A jumping spider (shapeshifter) (Depths:2)
  3 jumping spiders (Zig:21)
  9 wyverns
  A centaur simulacrum (D:14)
  3 ynoxinuls
  3 spriggans
  An air elemental (Elf:1)
  2 elf simulacra
  16 ushabtiu
  15 water elementals
  A vampire (D:11)
  A shadow (D:10)
  2 wraiths
  8 fire elementals
  A nameless horror (Tomb:1)
  A human (shapeshifter) (D:15)
  A basilisk (shapeshifter) (Elf:3)
  29 yaks
  A hog (Elf:1)
  5 golden eyes
  2 vampire mosquitoes (D:11)
  5 basilisks
  4 redbacks (Zig:21)
  A yaktaur simulacrum (Vaults:4)
  7 neqoxecs
  6 steam dragons
  7 wargs
  4 acid dragons
  45 nagas
  16 water moccasins
  A floating eye (shapeshifter) (Depths:2)
  A floating eye (Depths:3)
  6 hell hounds
  3 glowing shapeshifter skeletons
  5 ice beasts
  51 orc warriors
  4 black bears
  5 great orb of eyes simulacra (IceCv)
  A swamp drake (Lair:1)
  An ice beast (shapeshifter) (Elf:1)
  3 boggarts
  4 centaurs
  13 wolves
  17 ogres
  6 slime creature simulacra (IceCv)
  2 elf zombies (Elf:1)
  5 kobold brigands
  13 bullfrogs
  A bullfrog (shapeshifter) (Vaults:5)
  6 earth elementals
  4 gnoll sergeants
  4 scorpions
  3 glowing shapeshifter simulacra
  6 wights (D:9)
  A killer bee (shapeshifter) (Vaults:5)
  8 killer bees
  9 howler monkeys
  A vampire bat (D:7)
  5 electric eels
  4 jellies
  2 hounds
  31 orc priests
  2 gnoll boudas
  6 small abominations
  Ijyb (D:3)
  Terence (D:3)
  5 hell rats (Lair:4)
  6 iguanas
  A sleepcap (D:8)
  22 orc wizards
  69 mummies
  27 gnolls
  10 adders
  A white imp (D:7)
  An ufetubus (Vaults:1)
  3 worms
  2 dart slugs (D:1)
  87 orcs
  8 ball pythons
  4 endoplasms
  16 goblins
  10 hobgoblins
  2 jackals (D:1)
  A quokka (D:1)
  12 bats
  4 frilled lizards
  13 kobolds
  7 rats
  A spectral kobold (D:12)
  2 fire vortices (Zig:26)
  A fulminant prism (Lair:1)
  A spectral weapon (Vaults:2)
  2 starspawn tentacles (Zig:20)
  4 tentacles (Shoals:4)
2808 creatures vanquished.

Vanquished Creatures (collateral kills)
  A juggernaut (Depths:3)
  9 royal mummies (Tomb:1)
  Vv (Depths:4)
  A Killer Klown (Zig:10)
  Frederick (Depths:4)
  3 caustic shrikes
  Jory (Crypt:3)
  4 golden dragons
  A bone dragon (Crypt:3)
  An iron giant (Zig:19)
  3 Brimstone Fiends
  4 walking crystal tomes
  2 Ice Fiends
  2 liches
  A Hell Sentinel (Zig:19)
  A walking earthen tome (Depths:3)
  A quicksilver dragon (Depths:3)
  2 walking frostbound tomes (Depths:3)
  8 acid blobs
  7 sphinxes
  An Executioner (Zig:18)
  3 titans
  4 ancient champions
  3 shadow dragons (Depths:3)
  The ghost of Himmaryad the Brawler, an adept TrMo of Nemelex Xobeh (Depths:3)
  A storm dragon (Depths:4)
  6 rockslimes
  8 azure jellies
  4 fire giants
  3 draconian knights
  7 frost giants
  An iron dragon (Depths:4)
  2 draconian scorchers
  A balrug (Zig:18)
  A draconian shifter (Depths:4)
  3 demonspawn blood saints (Zig:18)
  A ghoul (Crypt:3)
  7 very ugly things (Depths:3)
  4 stone giants (Depths:3)
  A reaper (Zig:26)
  2 quicksilver oozes (Slime:5)
  A demonspawn corrupter (Zig:18)
  3 spriggan defenders
  A caustic shrike skeleton (Depths:3)
  A cacodemon (Zig:26)
  A formless jellyfish (Slime:5)
  4 bennus
  A green draconian (Depths:4)
  14 vampire knights
  2 black draconians
  2 yellow draconians (Depths:4)
  A wendigo (Zig:23)
  3 white draconians
  A purple draconian (Depths:4)
  6 spark wasps
  A red draconian (Depths:4)
  3 ettins
  2 deep elf death magi (Depths:3)
  5 eidola
  A merfolk javelineer (Zig:16)
  A crystal guardian (Zig:19)
  9 mummy priests
  7 jiangshi
  3 fire dragons (Depths:3)
  A green death (Zig:18)
  4 great orbs of eyes
  A spriggan zombie (Depths:3)
  A yaktaur captain (Depths:4)
  7 ice dragons
  2 quicksilver dragon skeletons
  A caustic shrike simulacrum (Depths:3)
  A spriggan air mage (Depths:3)
  3 death knights
  A quicksilver ooze zombie (Crypt:2)
  A fenstrider witch skeleton (Tomb:1)
  2 orc high priests (Crypt:2)
  4 death scarabs (Tomb:1)
  2 thrashing horrors (Zig:20)
  5 deep troll shamans
  2 spriggan berserkers
  A spriggan (Depths:3)
  A titan zombie (Tomb:1)
  An emperor scorpion zombie (Crypt:1)
  5 hell knights
  A shadow wraith (Crypt:3)
  A storm dragon skeleton (Crypt:1)
  2 iron trolls
  21 skeletal warriors
  A soul eater (Zig:3)
  A spatial maelstrom (Zig:20)
  6 deep trolls
  A golden dragon zombie (Depths:3)
  A bunyip zombie (Crypt:2)
  A wizard (Depths:3)
  A sea snake (Zig:16)
  6 flayed ghosts
  A bog body (Crypt:1)
  A swamp dragon (shapeshifter) (Depths:4)
  A shadow dragon zombie (Zig:25)
  2 shadow demons (Crypt:2)
  8 phantasmal warriors
  A wolf spider zombie (Crypt:1)
  2 necromancers
  4 ugly things (Depths:3)
  A shadow dragon skeleton (Crypt:2)
  An orc sorcerer (Zig:14)
  A fire giant zombie (Depths:3)
  5 shining eyes
  A manticore (Zig:16)
  3 centaur zombies
  A gargoyle (Zig:19)
  A smoke demon (Zig:20)
  2 eyes of devastation (Slime:3)
  2 kobold demonologists (Crypt:2)
  A tormentor (Zig:26)
  A komodo dragon (Lair:5)
  6 freezing wraiths
  2 harpy zombies (Crypt:2)
  A catoblepas zombie (Crypt:2)
  8 guardian mummies (Tomb:1)
  A grey draconian skeleton (Crypt:1)
  A spectral harpy (Crypt:3)
  A shadow dragon simulacrum (Depths:3)
  A harpy skeleton (Crypt:2)
  2 hornets (Depths:3)
  11 slime creatures
  31 flying skulls
  3 shadows (Crypt:3)
  A fire dragon skeleton (Tomb:1)
  2 wraiths
  A water elemental (Depths:4)
  An ushabti (Tomb:1)
  2 golden eyes (Slime:5)
  2 large abominations (Crypt:3)
  3 naga zombies
  A small abomination (Crypt:3)
  A cane toad zombie (Crypt:2)
  A water nymph skeleton (Crypt:1)
  A swamp dragon zombie (Crypt:2)
  A boggart (Crypt:2)
  4 necrophages (Crypt:3)
  An orc priest (Zig:14)
  A black bear skeleton (Crypt:2)
  An ogre zombie (Crypt:1)
  10 mummies
  An iguana zombie (Crypt:2)
  A jelly zombie (Crypt:2)
  A worm zombie (Crypt:1)
  A gnoll skeleton (Crypt:1)
426 creatures vanquished.

Vanquished Creatures (others)
  2 Brimstone Fiends (Zig:13)
  A draconian knight (Zig:22)
  A demonspawn warmonger (Zig:13)
  2 balrugs
  2 sun demons (Zig:13)
  A sea snake (Zig:16)
  A human (Elf:1)
  An ogre (Orc:2)
  5 ball lightnings (Zig:13)
  A butterfly (Depths:3)
  35 fire vortices
  424 fulminant prisms
  6 spectral weapons
  2 starspawn tentacles (Zig:20)
  9 tentacles (Shoals:4)
493 creatures vanquished.

Grand Total: 3727 creatures vanquished

Notes
Turn   | Place    | Note
-------+----------+-------------------------------------------
     0 | D:1      | ooooo the Octopode Conjurer began the quest for the Orb.
     0 | D:1      | Reached XP level 1. HP: 11/11 MP: 3/3
   252 | D:1      | Reached XP level 2. HP: 17/17 MP: 1/5
   579 | D:1      | Learned a level 2 spell: Searing Ray
   817 | D:1      | Reached XP level 3. HP: 22/22 MP: 6/6
  1413 | D:2      | Reached skill level 1 in Translocations
  1541 | D:2      | Identified the +6 spear "Ogeh" {spect, +Blink}
  1583 | D:2      | Reached XP level 4. HP: 27/27 MP: 7/7
  1776 | D:2      | Reached skill level 1 in Fighting
  1776 | D:2      | Reached skill level 1 in Hexes
  1869 | D:2      | Reached skill level 1 in Shapeshifting
  1890 | D:2      | Learned a level 4 spell: Fulminant Prism
  1891 | D:3      | Noticed Terence
  2032 | D:3      | Reached XP level 5. HP: 26/33 MP: 8/8
  2153 | D:3      | Found a white marble altar of Elyvilon.
  2167 | D:3      | Noticed Ijyb
  2582 | D:3      | Killed Ijyb
  2724 | D:3      | Found a glowing silver altar of Zin.
  2902 | D:3      | Found a bloodstained altar of Trog.
  3135 | D:3      | Killed Terence
  3229 | D:3      | Identified a scroll of acquirement
  3290 | D:3      | Acquired the +2 buckler of Zin's Castigation {rPois rCorr
                  | Str+3 Stlth+}
  3385 | D:4      | Reached XP level 6. HP: 38/38 MP: 9/9
  3481 | D:4      | Reached skill level 5 in Conjurations
  3573 | D:4      | Found a radiant altar of Vehumet.
  3573 | D:4      | Found a shimmering blue altar of Sif Muna.
  3729 | D:4      | Found a sparkling altar of Nemelex Xobeh.
  4108 | D:5      | Entered Level 5 of the Dungeon
  4139 | D:5      | Reached skill level 1 in Shields
  4139 | D:5      | Reached XP level 7. HP: 37/44 MP: 11/11
  4191 | D:5      | Found a staircase to the Ecumenical Temple.
  4206 | Temple   | Entered the Ecumenical Temple
  4235 | Temple   | Became a worshipper of Gozag Ym Sagoz the Greedy
  4773 | D:6      | Reached XP level 8. HP: 31/51 MP: 12/12
  5327 | D:6      | Reached skill level 5 in Stealth
  5597 | D:6      | Learned a level 4 spell: Iskenderun's Mystic Blast
  6109 | D:7      | Reached XP level 9. HP: 46/56 MP: 14/14
  6576 | D:7      | Identified the +3 quarterstaff of a wizard's laboratory
                  | {freeze, rC- rN+ Dex+2}
  6811 | D:7      | Found a transporter.
  6814 | D:7      | Found a transporter.
  6818 | D:7      | Identified the +2 plate armour of Valiance {*Corrode rN++
                  | Regen+ MP+9}
  6829 | D:7      | Noticed a cyclops
  7009 | D:8      | You fall into a shaft and drop 1 floor!
  7054 | D:9      | Noticed a two-headed ogre
  7128 | D:9      | Reached XP level 10. HP: 34/63 MP: 1/16
  7237 | D:9      | Found a staircase to the Lair.
  7253 | D:9      | Reached skill level 5 in Dodging
  7279 | D:9      | Found a staircase to the Orcish Mines.
  7960 | D:8      | Reached skill level 5 in Spellcasting
  8246 | D:8      | Identified the +6 war axe of Dominance {heavy, Str-3 Dex-5
                  | SInv Stlth+}
  8828 | D:8      | Reached skill level 5 in Hexes
  8985 | D:9      | Reached XP level 11. HP: 70/70 MP: 10/18
  8985 | D:9      | Killed a two-headed ogre
  8986 | D:9      | Reached skill level 5 in Fighting
  8986 | D:9      | Reached skill level 5 in Translocations
  9765 | D:9      | Noticed a wizard
 10198 | D:9      | Killed a wizard
 10487 | D:9      | Reached skill level 5 in Shields
 10640 | D:9      | Reached skill level 5 in Shapeshifting
 10919 | Lair:1   | Entered Level 1 of the Lair of Beasts
 11823 | Lair:1   | Reached XP level 12. HP: 78/78 MP: 21/21
 11854 | Lair:1   | Noticed Harold
 12221 | Lair:1   | Noticed Nergalle
 12234 | Lair:1   | Killed Nergalle
 13062 | Lair:1   | Killed Harold
 13203 | Lair:2   | Identified the +6 great sword of Inconvenience {venom,
                  | +Blink}
 13323 | Lair:2   | Noticed Amaemon
 13386 | Lair:2   | Killed Amaemon
 13387 | Lair:2   | Reached skill level 10 in Conjurations
 14133 | Lair:2   | Found a transporter.
 14135 | Lair:2   | Found a transporter.
 14135 | Lair:2   | Noticed a boulder beetle
 14226 | Lair:2   | Found a staircase to the Shoals.
 14373 | Lair:2   | Found a staircase to the Snake Pit.
 15018 | Lair:3   | Reached skill level 10 in Stealth
 15038 | Lair:3   | Noticed a four-headed hydra
 15046 | Lair:3   | Killed a four-headed hydra
 15291 | Lair:3   | Reached XP level 13. HP: 85/85 MP: 16/23
 15968 | Lair:4   | Identified the ring of Youthful Indiscretion {rF+ Int+3
                  | Dex+6}
 16023 | Lair:4   | Reached skill level 1 in Earth Magic
 16734 | Lair:5   | Entered Level 5 of the Lair of Beasts
 16753 | Lair:5   | Reached skill level 2 in Earth Magic
 17709 | Lair:5   | Reached skill level 3 in Earth Magic
 19078 | Lair:5   | Reached skill level 4 in Earth Magic
 19095 | Lair:5   | Reached XP level 14. HP: 92/92 MP: 2/25
 19546 | Lair:5   | Found a staircase to the Slime Pits.
 19546 | Lair:5   | Found a viscous altar of Jiyva.
 19933 | Orc:1    | Entered Level 1 of the Orcish Mines
 19953 | Orc:1    | Noticed an orc warlord
 19981 | Orc:1    | Killed an orc warlord
 20844 | Orc:1    | Reached skill level 5 in Earth Magic
 21659 | Orc:2    | Entered Level 2 of the Orcish Mines
 22099 | Orc:2    | Found a staircase to the Elven Halls.
 22984 | Orc:2    | Found Guasm's Magic Scroll Boutique.
 22987 | Orc:2    | Found Lec Dokk's General Store.
 23493 | Orc:2    | Bought a scroll of butterflies for 64 gold pieces
 23493 | Orc:2    | Bought a scroll of amnesia for 64 gold pieces
 23493 | Orc:2    | Bought a scroll of identify for 32 gold pieces
 23493 | Orc:2    | Bought a scroll of identify for 32 gold pieces
 23495 | Orc:2    | Bought a scroll of revelation for 120 gold pieces
 23497 | Orc:2    | Bought a potion of lignification for 45 gold pieces
 23981 | Orc:2    | Reached skill level 6 in Earth Magic
 24855 | Orc:2    | Found Xirph's Jewellery Emporium.
 24855 | Orc:2    | Found Gielu's Antique Weapon Shoppe.
 24856 | Orc:2    | Found a one-way gate leading to the halls of Pandemonium.
 25158 | D:9      | Learned a level 6 spell: Leda's Unmaking
 25221 | Shoals:1 | Entered Level 1 of the Shoals
 25393 | Snake:1  | Entered Level 1 of the Snake Pit
 26157 | Snake:1  | Learned a level 5 spell: Lee's Rapid Deconstruction
 26177 | Snake:1  | Reached XP level 15. HP: 64/99 MP: 15/27
 26830 | Snake:1  | Reached skill level 7 in Earth Magic
 28530 | Snake:1  | Learned a level 5 spell: Irradiate
 29105 | Snake:2  | Found Raplias's Antique Weapon Emporium.
 29203 | Snake:2  | Found a stormy altar of Qazlal.
 30899 | Snake:2  | Upgraded the game from 0.31-a0-705-ga145531891 to
                  | 0.31-a0-716-gc7603755dd
 31999 | Snake:2  | Found Nofruol's Jewellery Boutique.
 31999 | Snake:2  | Found Hiduf's Book Shoppe.
 32000 | Snake:2  | Found Muelot's Book Shoppe.
 32007 | Snake:2  | Bought the ring of Etrotul {rF+ rC+ Str+2 SInv Stlth-} for
                  | 659 gold pieces
 32011 | Snake:2  | Bought a book of Dangerous Friends for 640 gold pieces
 32208 | D:9      | Bought a scroll of amnesia for 72 gold pieces
 32218 | D:9      | Learned a level 7 spell: Orb of Destruction
 32343 | Snake:2  | Reached skill level 8 in Earth Magic
 34423 | Snake:2  | Found a runed translucent door.
 34423 | Snake:2  | Found a shimmering altar of Xom.
 34423 | Snake:2  | Noticed Ruet's ghost (adept AtFi)
 35130 | Snake:3  | Reached XP level 16. HP: 48/108 MP: 5/28
 36387 | Snake:3  | Noticed Nikola
 38149 | Snake:3  | Killed Nikola
 40308 | Snake:3  | Reached skill level 9 in Earth Magic
 42542 | Snake:3  | Glimpsed the power of Zot.
 42572 | Snake:4  | Entered Level 4 of the Snake Pit
 42728 | Snake:4  | Noticed a nagaraja
 42856 | Snake:4  | Noticed a nagaraja
 42856 | Snake:4  | Killed a nagaraja
 43139 | Snake:4  | Killed a nagaraja
 43142 | Snake:4  | Noticed a nagaraja
 43391 | Snake:4  | Killed a nagaraja
 43783 | Snake:4  | Reached skill level 10 in Dodging
 43876 | Snake:4  | Noticed a nagaraja
 44034 | Snake:4  | Noticed a nagaraja
 44057 | Snake:4  | Killed a nagaraja
 44201 | Snake:4  | Killed a nagaraja
 45323 | Snake:4  | Found a runed translucent door.
 45323 | Snake:4  | Found a shimmering altar of Xom.
 45323 | Snake:4  | Noticed rjrrt's ghost (adept DsBe)
 45370 | Snake:4  | Identified the +6 scimitar "Nekkap" {chaos, rN+ Int+4}
 45423 | Snake:4  | Noticed a nagaraja
 45430 | Snake:4  | Killed a nagaraja
 45448 | Snake:4  | Reached XP level 17. HP: 114/114 MP: 8/30
 45631 | Snake:4  | Reached skill level 10 in Earth Magic
 47383 | Snake:4  | Reached skill level 10 in Fighting
 47562 | Snake:4  | Got a serpentine rune of Zot
 47895 | D:9      | Bought the ring of Fomafikharr {*Slow rElec rPois rN+} for
                  | 358 gold pieces
 47906 | D:9      | Bought a potion of heal wounds for 90 gold pieces
 47906 | D:9      | Bought a potion of curing for 54 gold pieces
 47906 | D:9      | Bought a potion of magic for 144 gold pieces
 47906 | D:9      | Bought a potion of resistance for 180 gold pieces
 47906 | D:9      | Bought a potion of haste for 180 gold pieces
 47906 | D:9      | Bought a potion of cancellation for 144 gold pieces
 48028 | Shoals:1 | Noticed Louise
 48286 | Shoals:1 | Noticed Mlioglotl
 48289 | Shoals:1 | Killed Louise
 48419 | Shoals:1 | Noticed a bone dragon
 49096 | Shoals:1 | Reached skill level 10 in Shields
 49139 | Shoals:1 | Killed Mlioglotl
 51399 | Shoals:2 | You fall into a shaft and drop 1 floor!
 51573 | Shoals:2 | Reached skill level 15 in Conjurations
 52269 | Shoals:2 | Reached skill level 11 in Earth Magic
 52451 | Shoals:2 | Noticed Polyphemus
 52469 | Shoals:2 | Killed Polyphemus
 52667 | Shoals:2 | Reached skill level 10 in Spellcasting
 53983 | Shoals:3 | Reached XP level 18. HP: 122/122 MP: 17/32
 54896 | Shoals:4 | Entered Level 4 of the Shoals
 56632 | Shoals:4 | Reached skill level 15 in Stealth
 59767 | Shoals:4 | Reached skill level 10 in Shapeshifting
 61534 | Shoals:4 | Got a barnacled rune of Zot
 61560 | Shoals:4 | Identified the +0 great sword of Ytrorr {vamp, Int+3
                  | Stlth+}
 61677 | D:10     | Entered Level 10 of the Dungeon
 62171 | D:10     | Identified the +9 mace "Higif" {spect, *Corrode rElec rC+++
                  | Str-2}
 62960 | D:11     | Reached skill level 1 in Evocations
 63366 | D:11     | Reached skill level 12 in Earth Magic
 63682 | D:11     | Identified the +10 quarterstaff of Hoqylaemm {flame, Str+3}
 64002 | D:11     | Found Zioph's General Store.
 64437 | D:12     | Acquired the +2 hat of Onwaqiar {rC++}
 64961 | D:12     | Found a hazy altar of Hepliaklqana.
 66510 | D:13     | Found a gate to the Vaults.
 66930 | D:13     | Identified the +5 shortbow of Radicalism {freeze, rF+ Will+
                  | Dex+2}
 67092 | D:13     | Identified the +1 great sword "Ajen" {heavy, rC- Int+6
                  | Dex+2 Stlth+}
 67247 | D:13     | Noticed Erolcha
 67251 | D:13     | Killed Erolcha
 67630 | D:13     | Reached XP level 19. HP: 127/128 MP: 24/33
 67941 | Vaults:1 | Entered Level 1 of the Vaults
 68272 | Vaults:1 | Reached skill level 5 in Evocations
 68621 | Vaults:1 | Found a flickering gateway to a bazaar.
 68638 | Bazaar   | Entered a bazaar
 68638 | Bazaar   | Found Rajifuorch's Distillery.
 68673 | Bazaar   | Found Uptoode's Distillery.
 68704 | Bazaar   | Found Bialol's Distillery.
 68710 | Bazaar   | Found Zuugaen's Antique Weapon Shoppe.
 68714 | Bazaar   | Found Quaptol's Book Shop.
 68737 | Bazaar   | Bought a potion of heal wounds for 60 gold pieces
 68737 | Bazaar   | Bought a potion of heal wounds for 60 gold pieces
 68737 | Bazaar   | Bought a potion of lignification for 36 gold pieces
 68737 | Bazaar   | Bought 2 potions of curing for 72 gold pieces
 68758 | Bazaar   | Bought a potion of lignification for 33 gold pieces
 68758 | Bazaar   | Bought a potion of cancellation for 88 gold pieces
 68765 | Bazaar   | Bought a potion of lignification for 42 gold pieces
 72831 | Vaults:2 | Noticed Saint Roka
 73141 | Vaults:2 | Killed Saint Roka
 73806 | Vaults:2 | Noticed Aizul
 74324 | Vaults:2 | Killed Aizul
 74325 | Vaults:2 | Reached skill level 13 in Earth Magic
 74351 | Vaults:2 | Identified the +5 morningstar of the Enemy {heavy, *Corrode
                  | +Blink Will+}
 74623 | Vaults:2 | Noticed Asterion
 74642 | Vaults:2 | Killed Asterion
 75131 | Vaults:2 | Reached XP level 20. HP: 119/135 MP: 35/35
 75709 | Vaults:2 | Identified the ring of Kic Pao {Str+3 Int+6}
 77527 | Vaults:2 | Found a staircase to the Crypt.
 78129 | Vaults:3 | Reached skill level 10 in Evocations
 81040 | Vaults:4 | Found Fewkirpho's Weapon Shop.
 81680 | Vaults:4 | Noticed Sojobo
 81700 | Vaults:4 | Killed Sojobo
 81701 | Vaults:4 | Reached XP level 21. HP: 137/143 MP: 3/36
 82343 | Vaults:4 | Reached skill level 14 in Earth Magic
 83041 | Vaults:4 | Noticed Donald
 83045 | Vaults:4 | Killed Donald
 83522 | Elf:1    | Entered Level 1 of the Elven Halls
 84104 | Elf:1    | Found a frozen archway.
 84147 | IceCv    | Entered an ice cave
 85695 | IceCv    | Found a viscous altar of Jiyva.
 85874 | IceCv    | Got Axiuzyti's Compendium of the Icicle
 86172 | IceCv    | Got the Incunable of the Crevasse
 86326 | IceCv    | Learned a level 5 spell: Freezing Cloud
 86465 | Elf:1    | Reached skill level 1 in Ice Magic
 86707 | Elf:1    | Noticed Kirke
 86713 | Elf:1    | Killed Kirke
 86975 | Elf:1    | Got the Commentary on Despicable Rituals
 87732 | Elf:1    | Reached skill level 5 in Ice Magic
 88602 | Elf:2    | Found a runed translucent gate.
 88612 | Elf:2    | Found a runed translucent gate.
 88612 | Elf:2    | Found a runed translucent gate.
 88681 | Elf:2    | Noticed Jorgrun
 88687 | Elf:2    | Killed Jorgrun
 90221 | Elf:2    | Noticed Azrael
 90279 | Elf:2    | Reached XP level 22. HP: 150/150 MP: 30/37
 90561 | Elf:2    | Killed Azrael
 90832 | Elf:2    | Learned a level 7 spell: Ozocubu's Refrigeration
 90873 | Elf:3    | Entered Level 3 of the Elven Halls
 90880 | Elf:3    | Reached skill level 10 in Ice Magic
 92353 | Elf:3    | Identified the +4 halberd of False Hope {heavy, rPois
                  | rCorr}
 93169 | Elf:3    | Got the Cyclopedia of Creative Evil
 93193 | Elf:3    | Identified the +1 rapier of the Vase {heavy, rN+ Str+4}
 93892 | Vaults:5 | Entered Level 5 of the Vaults
 95420 | Vaults:4 | Reached XP level 23. HP: 155/155 MP: 1/38
 95840 | Vaults:5 | Noticed an ancient lich
 95847 | Vaults:4 | Killed an ancient lich
 98558 | Vaults:5 | Identified the +0 fire dragon scales of the Foremost
                  | Friends {rF++ rC- Int+3}
100275 | Vaults:5 | Got Sif Muna's Hermit's Heritage and You
100481 | Vaults:5 | Reached skill level 15 in Ice Magic
100588 | Vaults:5 | Identified the ring "Zawol" {rN++ Slay+4}
100973 | Vaults:5 | Noticed a dread lich
100978 | Vaults:5 | Killed a dread lich
101416 | Vaults:5 | Identified the staff "Fygikhla" {Drain rElec rPois Stlth+
                  | Poison}
101568 | Vaults:5 | Identified the staff "Jimunis" {*Corrode rElec rC+ Str+3
                  | Int+2 Air}
101787 | Vaults:5 | Got a silver rune of Zot
102869 | D:14     | Noticed Roxanne
102874 | D:14     | Killed Roxanne
102936 | D:14     | Found Molaemafi's Antique Weapon Shop.
102945 | D:14     | Found a gate leading to a gauntlet.
102954 | Gauntlet | Entered a Gauntlet
102954 | Gauntlet | Found a transporter.
102954 | Gauntlet | Found a transporter.
102954 | Gauntlet | Found a transporter.
102961 | Gauntlet | Found a transporter.
102962 | Gauntlet | Found a transporter.
102962 | Gauntlet | Found a transporter.
102976 | Gauntlet | Found a transporter.
102978 | Gauntlet | Found a transporter.
102978 | Gauntlet | Found a large runed translucent door.
102979 | Gauntlet | Found a large runed translucent door.
102980 | Gauntlet | Found a large runed translucent door.
102980 | Gauntlet | Found a large runed translucent door.
102980 | Gauntlet | Found a runed translucent door.
102981 | Gauntlet | Found a large runed translucent door.
102982 | Gauntlet | Found a large runed translucent door.
102983 | Gauntlet | Found a large runed translucent door.
102983 | Gauntlet | Found a large runed translucent door.
102984 | Gauntlet | Found a runed translucent gate.
102986 | Gauntlet | Found a transporter.
103091 | Gauntlet | Found a transporter.
103093 | Gauntlet | Found a large runed translucent door.
103093 | Gauntlet | Found a transporter.
103094 | Gauntlet | Found a large runed translucent door.
103095 | Gauntlet | Found a large runed translucent door.
103095 | Gauntlet | Found a large runed translucent door.
103095 | Gauntlet | Found a runed translucent door.
103096 | Gauntlet | Found a large runed translucent door.
103097 | Gauntlet | Found a large runed translucent door.
103098 | Gauntlet | Found a large runed translucent door.
103098 | Gauntlet | Found a large runed translucent door.
103099 | Gauntlet | Found a runed translucent gate.
103099 | Gauntlet | Found a runed translucent gate.
103101 | Gauntlet | Found a transporter.
103311 | Gauntlet | Reached XP level 24. HP: 130/163 MP: 38/38
103369 | Gauntlet | Identified the ring "Oskuenots" {Wiz Will+ Str-5 SInv}
103470 | Gauntlet | Got the Catalogue of Spellbinding Wounds
103932 | D:15     | Entered Level 15 of the Dungeon
103947 | D:15     | Reached skill level 5 in Summonings
104344 | D:15     | Found a staircase to the Depths.
104862 | Depths:1 | Entered Level 1 of the Depths
104863 | Depths:1 | Noticed Bai Suzhen
105360 | D:15     | Killed Bai Suzhen
106262 | D:15     | Found a staircase to the Depths.
107239 | Depths:1 | Found a one-way gate to the infinite horrors of the Abyss.
107482 | Depths:1 | Found a gateway to Hell.
107572 | Depths:1 | Reached XP level 25. HP: 151/171 MP: 29/39
107649 | Depths:1 | Found a stormy altar of Qazlal.
107894 | Depths:1 | Found The Oracle's Delphic Readings.
107898 | Depths:1 | Bought a scroll of blinking for 157 gold pieces
107898 | Depths:1 | Bought a scroll of revelation for 157 gold pieces
109235 | Depths:2 | Identified the ring "Ikefeemue" {rPois rF+ Will++ Int+2}
109700 | Depths:2 | Identified the +8 dagger of the Hand {spect, rN+ Int+4
                  | Dex+3}
110634 | Depths:2 | Got the Elucidation of Nihilism
111245 | Snake:2  | Bought the Collected Works on the Plateau for 960 gold
                  | pieces
111678 | D:9      | Bought a scroll of teleportation for 54 gold pieces
111681 | D:9      | Bought a potion of lignification for 54 gold pieces
111687 | D:9      | Bought a scroll of amnesia for 64 gold pieces
111698 | D:9      | Learned a level 8 spell: Lehudib's Crystal Spear
111706 | D:9      | Learned a level 7 spell: Spellforged Servitor
112121 | Depths:3 | Found a one-way gateway to a ziggurat.
112187 | Depths:3 | Noticed a dread lich
112679 | Depths:3 | Killed a dread lich
112948 | Depths:3 | Found a runed translucent door.
112955 | Depths:3 | Noticed Himmaryad's ghost (adept TrMo)
113119 | Depths:3 | Reached XP level 26. HP: 43/179 MP: 4/39
113121 | Depths:3 | Noticed a juggernaut
113327 | Depths:3 | Found a white marble altar of Elyvilon.
113431 | Depths:3 | Got the Directory of Bodies
113468 | Depths:3 | Killed a juggernaut
113687 | Depths:3 | Killed Himmaryad's ghost
113714 | Depths:3 | Identified the -1 hat of the Harvest {Int+3 Stlth+}
113787 | Depths:3 | Noticed a juggernaut
114074 | Depths:3 | Killed a juggernaut
114344 | Depths:3 | Reached skill level 15 in Earth Magic
114462 | Depths:3 | Reached skill level 10 in Summonings
115360 | Depths:4 | Entered Level 4 of the Depths
115411 | Depths:4 | Found a huge runed gate.
115412 | Depths:4 | Found a huge runed gate.
115412 | Depths:4 | Found a huge runed gate.
115413 | Depths:4 | Found a huge runed gate.
115413 | Depths:4 | Found a huge runed gate.
115414 | Depths:4 | Found a huge runed gate.
115414 | Depths:4 | Found a huge runed gate.
115414 | Depths:4 | Found a huge runed gate.
115414 | Depths:4 | Found a huge runed gate.
115414 | Depths:4 | Found a huge runed gate.
115415 | Depths:4 | Found a huge runed gate.
115416 | Depths:4 | Found a huge runed gate.
115417 | Depths:4 | Found a huge runed gate.
115427 | Depths:4 | Found a huge runed gate.
115428 | Depths:4 | Found a huge runed gate.
115429 | Depths:4 | Found a huge runed gate.
115450 | Depths:4 | Found a huge runed gate.
115450 | Depths:4 | Found a huge runed gate.
115450 | Depths:4 | Found a huge runed gate.
115472 | Depths:4 | Found a huge runed gate.
115472 | Depths:4 | Found a huge runed gate.
115476 | Depths:4 | Found a huge runed gate.
115476 | Depths:4 | Found a huge runed gate.
115477 | Depths:4 | Found a huge runed gate.
115477 | Depths:4 | Found a huge runed gate.
115483 | Depths:4 | Found a huge runed gate.
115498 | Depths:4 | Found a huge runed gate.
115499 | Depths:4 | Found a huge runed gate.
115503 | Depths:4 | Found a huge runed gate.
115504 | Depths:4 | Found a huge runed gate.
115506 | Depths:4 | Found a huge runed gate.
115507 | Depths:4 | Found a huge runed gate.
115508 | Depths:4 | Found a huge runed gate.
115509 | Depths:4 | Found a huge runed gate.
115517 | Depths:4 | Found a huge runed gate.
115517 | Depths:4 | Found a huge runed gate.
115643 | Depths:4 | Noticed Vv
115658 | Depths:4 | Killed Vv
115664 | Depths:4 | Reached skill level 16 in Earth Magic
116126 | Depths:4 | Found a gate to the Realm of Zot.
116167 | Depths:4 | Noticed Margery
116173 | Depths:4 | Killed Margery
116235 | Depths:4 | Reached skill level 17 in Earth Magic
116321 | Depths:4 | HP: 6/190 [acid (5)]
116323 | Depths:4 | Reached XP level 27. HP: 7/185 MP: 37/40
116906 | Depths:4 | Noticed Frederick
116920 | Depths:4 | Killed Frederick
116956 | Depths:4 | Reached skill level 18 in Earth Magic
117235 | Depths:4 | Found Gosol's Book Emporium.
117701 | Depths:4 | Noticed a juggernaut
118266 | Depths:4 | Killed a juggernaut
118403 | Depths:4 | Reached skill level 19 in Earth Magic
118599 | D:15     | Learned a level 9 spell: Shatter
118822 | Crypt:1  | Entered Level 1 of the Crypt
119227 | Crypt:1  | Reached skill level 20 in Earth Magic
119362 | Crypt:1  | Found a runed translucent door.
119362 | Crypt:1  | Noticed Gacleu's ghost (adept GrFi)
120499 | Crypt:2  | Found a basalt altar of Yredelemnul.
120563 | Crypt:2  | Identified the amulet "Peenoas" {RegenMP rN+ Will+}
120622 | Crypt:2  | Found a shimmering blue altar of Sif Muna.
120622 | Crypt:2  | Identified the +7 chain mail of the Slightly Bent {rPois
                  | rF+++ Will+ Dex-2}
121381 | Crypt:3  | Entered Level 3 of the Crypt
121687 | Crypt:3  | Reached skill level 21 in Earth Magic
121801 | Crypt:3  | Found a basalt altar of Yredelemnul.
122758 | Crypt:3  | Noticed Jory
122764 | Crypt:3  | Killed Jory
122794 | Crypt:3  | Found a staircase to the Tomb.
122858 | Crypt:3  | Identified the ring of Vumn {rElec rN+ Stlth+}
122885 | Crypt:3  | Reached skill level 22 in Earth Magic
123075 | Crypt:3  | Identified the ring "Xobbuc" {rC+ rN+}
123329 | Crypt:3  | Identified the +2 scale mail of the Desert {Int+3}
123485 | Tomb:1   | Entered Level 1 of the Tomb of the Ancients
123752 | Tomb:1   | Noticed a royal mummy
123753 | Tomb:1   | Noticed a royal mummy
123758 | Tomb:1   | Killed a royal mummy
123759 | Tomb:1   | Killed a royal mummy
124064 | Tomb:1   | Noticed a royal mummy
124069 | Tomb:1   | Killed a royal mummy
124287 | Tomb:1   | Identified the +7 sling "Plojy" {elec, rPois Str-4 Dex+2
                  | SInv}
124325 | Tomb:1   | Noticed a royal mummy
124332 | Tomb:1   | Killed a royal mummy
124393 | Tomb:1   | Noticed a royal mummy
124401 | Tomb:1   | Killed a royal mummy
124559 | Tomb:1   | Noticed a royal mummy
124568 | Tomb:1   | Killed a royal mummy
124720 | Tomb:1   | Noticed a royal mummy
124726 | Tomb:1   | Killed a royal mummy
124727 | Tomb:1   | Reached skill level 23 in Earth Magic
124821 | Tomb:1   | Noticed a royal mummy
124833 | Tomb:1   | Killed a royal mummy
124836 | Tomb:1   | Noticed a royal mummy
124845 | Tomb:1   | Killed a royal mummy
124846 | Tomb:1   | Reached skill level 15 in Shapeshifting
125039 | Tomb:1   | Noticed a royal mummy
125048 | Tomb:1   | Killed a royal mummy
125309 | Tomb:1   | Noticed a royal mummy
125318 | Tomb:1   | Killed a royal mummy
125526 | Tomb:1   | Noticed a royal mummy
125529 | Tomb:1   | Killed a royal mummy
125591 | Tomb:1   | Noticed a royal mummy
125634 | Tomb:1   | Killed a royal mummy
125683 | Tomb:1   | Noticed a royal mummy
125688 | Tomb:1   | Killed a royal mummy
126293 | Tomb:1   | Noticed a royal mummy
126294 | Tomb:1   | Noticed a royal mummy
126299 | Tomb:1   | Killed a royal mummy
126302 | Tomb:1   | Killed a royal mummy
127281 | D:15     | Bought a masterwork short sword for 176 gold pieces
127281 | D:15     | Identified the +10 short sword of Mourning {heavy, rElec
                  | rPois Dex-5 Stlth-} (You bought it in a shop on level 15 of
                  | the Dungeon)
127290 | D:15     | Bought the +3 warlock's mirror {omnireflect} for 680 gold
                  | pieces
127290 | D:15     | Found the +3 warlock's mirror {omnireflect}
127608 | Slime:1  | Entered Level 1 of the Pits of Slime
128666 | Slime:2  | Gained mutation: You do not regenerate when monsters are
                  | visible. [a shining eye]
128669 | Slime:2  | Gained mutation: Potions are less effective at restoring
                  | your health. [a shining eye]
128671 | Slime:2  | Gained mutation: You are clumsy. (Dex -2) [a shining eye]
128673 | Slime:2  | Lost mutation: You are clumsy. (Dex -2) [potion of
                  | mutation]
128673 | Slime:2  | Lost mutation: Potions are less effective at restoring your
                  | health. [potion of mutation]
128673 | Slime:2  | Gained mutation: You are partially covered in iridescent
                  | scales. (AC +2) [potion of mutation]
128673 | Slime:2  | Gained mutation: You occasionally lose the ability to read
                  | scrolls when taking damage. [potion of mutation]
128673 | Slime:2  | Gained mutation: You sometimes lose the ability to read
                  | scrolls when taking damage. [potion of mutation]
128674 | Slime:2  | Lost mutation: You are partially covered in iridescent
                  | scales. (AC +2) [potion of mutation]
128674 | Slime:2  | Lost mutation: You sometimes lose the ability to read
                  | scrolls when taking damage. [potion of mutation]
128674 | Slime:2  | Lost mutation: You occasionally lose the ability to read
                  | scrolls when taking damage. [potion of mutation]
128674 | Slime:2  | Gained mutation: Your mind is acute. (Int +4, Str/Dex -1)
                  | [potion of mutation]
128674 | Slime:2  | Gained mutation: You are strong-willed. (Will+) [potion of
                  | mutation]
128675 | Slime:2  | Lost mutation: You are strong-willed. (Will+) [potion of
                  | mutation]
128675 | Slime:2  | Lost mutation: Your mind is acute. (Int +4, Str/Dex -1)
                  | [potion of mutation]
128675 | Slime:2  | Gained mutation: You are weak. (Str -2) [potion of
                  | mutation]
128675 | Slime:2  | Gained mutation: You are agile. (Dex +4, Str/Int -1)
                  | [potion of mutation]
128675 | Slime:2  | Gained mutation: You are partially covered in iridescent
                  | scales. (AC +2) [potion of mutation]
128675 | Slime:2  | Gained mutation: You expend magic power (3 MP) to
                  | strengthen your wands. [potion of mutation]
128725 | Slime:2  | Reached skill level 24 in Earth Magic
129263 | Slime:3  | Noticed Dissolution
129267 | Slime:3  | Killed Dissolution
129689 | Slime:4  | Gained mutation: You are vulnerable to heat. (rF-) [a
                  | shining eye]
129867 | Slime:5  | Entered Level 5 of the Pits of Slime
129952 | Slime:5  | Noticed the Royal Jelly
129964 | Slime:5  | Killed the Royal Jelly
130526 | Slime:5  | Found the +8 mithril axe "Arga" {speed, Will+}
130611 | Slime:5  | Got a slimy rune of Zot
130642 | Slime:5  | Identified the ring "Mual" {AC+4 Str+5 Int-3 Stlth-}
130670 | Slime:5  | Got the Quarto of Hyperborean Venin
131025 | Slime:5  | Lost mutation: You are partially covered in iridescent
                  | scales. (AC +2) [potion of mutation]
131025 | Slime:5  | Lost mutation: You do not regenerate when monsters are
                  | visible. [potion of mutation]
131025 | Slime:5  | Gained mutation: Your body sometimes deteriorates upon
                  | taking damage. [potion of mutation]
131544 | D:9      | Bought a potion of mutation for 144 gold pieces
131544 | D:9      | Lost mutation: You are weak. (Str -2) [potion of mutation]
131544 | D:9      | Lost mutation: You are agile. (Dex +4, Str/Int -1) [potion
                  | of mutation]
131544 | D:9      | Lost mutation: You are vulnerable to heat. (rF-) [potion of
                  | mutation]
131544 | D:9      | Gained mutation: Your magical capacity is low. (-10% MP)
                  | [potion of mutation]
131544 | D:9      | Gained mutation: You are partially covered in iridescent
                  | scales. (AC +2) [potion of mutation]
131875 | Zig:1    | Entered Level 1 of a ziggurat
131881 | Zig:1    | Reached skill level 1 in Fire Magic
131920 | Zig:2    | Entered Level 2 of a ziggurat
131965 | Zig:3    | Entered Level 3 of a ziggurat
131968 | Zig:3    | Noticed Hexzyhac the pandemonium lord
131975 | Zig:3    | Killed Hexzyhac the pandemonium lord
132219 | Zig:3    | Identified the +2 morningstar of Egynkurog {flame, MP-9
                  | Int+5 Stlth+}
132234 | Zig:4    | Entered Level 4 of a ziggurat
132282 | Zig:5    | Entered Level 5 of a ziggurat
132343 | Zig:5    | Identified the +0 pair of gloves of Impermeability {Drain
                  | rF+ Regen+ Str+6}
132350 | Zig:6    | Entered Level 6 of a ziggurat
132361 | Zig:6    | Reached skill level 5 in Fire Magic
132409 | Zig:7    | Entered Level 7 of a ziggurat
132481 | Zig:8    | Entered Level 8 of a ziggurat
132939 | Zig:8    | Reached skill level 10 in Fire Magic
132940 | Zig:8    | Acquired 581 gold pieces
132945 | Zig:8    | Acquired the ring of Ibeumaik {+Blink rElec rN++ Int+2
                  | SInv}
132954 | Zig:9    | Entered Level 9 of a ziggurat
133325 | Zig:9    | Learned a level 8 spell: Ignition
133329 | Zig:10   | Entered Level 10 of a ziggurat
133334 | Zig:10   | Noticed Neixa the pandemonium lord
133334 | Zig:10   | Noticed Webith the pandemonium lord
133340 | Zig:10   | Noticed Egag Osch the pandemonium lord
133344 | Zig:10   | Killed Egag Osch the pandemonium lord
133349 | Zig:10   | Killed Neixa the pandemonium lord
133353 | Zig:10   | Killed Webith the pandemonium lord
133474 | Zig:10   | Got the Almanac of the Viridian Jaunt
133482 | Zig:10   | Got the Volume of Liminal Geomancy
133495 | Zig:11   | Entered Level 11 of a ziggurat
133792 | Zig:11   | Identified the +1 sling "Mozxa" {heavy, Int+6}
133794 | Zig:11   | Identified the +3 morningstar of Souqiber {pain, rF+ Str+3
                  | Int-3}
133822 | Zig:12   | Entered Level 12 of a ziggurat
133842 | Zig:12   | Reached skill level 15 in Dodging
133923 | Zig:12   | Identified the ring of the Doge {Wiz Will+ Str-5 Dex+6
                  | SInv}
133941 | Zig:13   | Entered Level 13 of a ziggurat
133951 | Zig:13   | Found the +6 arbalest "Damnation" {damnation}
133953 | Zig:13   | Noticed Ecwohuh the pandemonium lord
133955 | Zig:13   | Killed Ecwohuh the pandemonium lord
133961 | Zig:13   | Reached skill level 5 in Transmutations
134124 | Zig:13   | Identified the +1 trident of Overwhelming Force {venom,
                  | rPois}
134169 | Zig:13   | Reached skill level 15 in Fire Magic
134170 | Zig:13   | Lost mutation: You expend magic power (3 MP) to strengthen
                  | your wands. [potion of mutation]
134170 | Zig:13   | Lost mutation: Your body sometimes deteriorates upon taking
                  | damage. [potion of mutation]
134170 | Zig:13   | Gained mutation: You passively dampen the noise of your
                  | surroundings. [potion of mutation]
134170 | Zig:13   | Gained mutation: Your system is resistant to poisons.
                  | (rPois) [potion of mutation]
134172 | Zig:14   | Entered Level 14 of a ziggurat
134182 | Zig:14   | Reached skill level 15 in Fighting
134297 | Zig:14   | Identified the ring of Spite {rF+ Str-4 Int+6 Dex+5}
134343 | Zig:15   | Entered Level 15 of a ziggurat
134365 | Zig:15   | Noticed Backuw the pandemonium lord
134378 | Zig:15   | Killed Backuw the pandemonium lord
134498 | Zig:15   | Identified the +5 great sword of the Lesser Evil {heavy,
                  | rPois}
134512 | Zig:15   | Identified the +8 falchion "Asapnuax" {speed, rPois}
134563 | Zig:16   | Entered Level 16 of a ziggurat
134716 | Zig:16   | Identified the amulet of Lies {Acrobat rPois Will- Int+5}
134718 | Zig:16   | Identified the +5 dagger of Uncomfortable Rashes {heavy,
                  | rC+ Str+2 Dex+3}
134726 | Zig:16   | Identified the staff of Dried Tears {rPois rN+ Int+4 Dex+4
                  | Poison}
134821 | Zig:17   | Entered Level 17 of a ziggurat
134946 | Zig:17   | Identified the ring of the Everdark {Contam rPois rN+
                  | Slay+5 Stlth-}
134956 | Zig:17   | Identified the staff "Fiemal" {rPois Stlth+ Conj}
134962 | Zig:17   | Identified the ring of Ydostasuo {Wiz Drain rN++ rCorr
                  | Str+3}
134992 | Zig:18   | Entered Level 18 of a ziggurat
135009 | Zig:18   | Noticed Amucikk the pandemonium lord
135016 | Zig:18   | Killed Amucikk the pandemonium lord
135337 | Zig:18   | Identified the staff "Atzo Get" {Str+3 Dex+7 Conj}
135619 | Zig:18   | Acquired 946 gold pieces
135636 | Zig:18   | Learned a level 9 spell: Fire Storm
135637 | Zig:19   | Entered Level 19 of a ziggurat
135875 | Zig:19   | Identified the staff of Terror {rElec rPois rF+ SInv Fire}
135881 | Zig:19   | Identified the +1 chain mail of the Slug {Str-4 Int+3}
135883 | Zig:19   | Got the Grimoire of the Xenomorphic Swarm
135896 | Zig:19   | Acquired 794 gold pieces
135922 | Zig:20   | Entered Level 20 of a ziggurat
136128 | Zig:20   | Identified the +5 short sword of Ad Valorem {freeze, Will-
                  | Dex+4}
136135 | Zig:20   | Got the Incunable of Sparks
136142 | Zig:20   | Identified the staff "Raluofui" {rF+ Str+2 Dex+4 Fire}
136153 | Zig:20   | Identified the +5 scimitar of Indomitability {pain, Int+3}
136206 | Zig:21   | Entered Level 21 of a ziggurat
136288 | Zig:21   | Identified the +6 great sword of the Trees {flame, Drain
                  | rN+ Str+4 Stlth+}
136301 | Zig:21   | Identified the +4 halberd "Dadeqom" {freeze, rC+ Will-
                  | SInv}
136302 | Zig:21   | Identified the +6 morningstar of the Viper {freeze, *Slow
                  | Int+5 Dex+5}
136308 | Zig:21   | Identified the +0 shortbow of Jalaf {antimagic, rElec rN++
                  | Int-5 Stlth+}
136318 | Zig:21   | Identified the +7 morningstar of Odal Ije {pain, rF+ Will-
                  | rCorr}
136442 | Zig:22   | Entered Level 22 of a ziggurat
136461 | Zig:22   | Found the +5 Lochaber axe {reach-cleave, Poleaxe Drain}
136636 | Zig:22   | Identified the +8 mace of Corpus Delicti {venom, *Rage
                  | +Blink rN++}
136640 | Zig:22   | Identified the staff of Superiority {rElec rPois Air}
136641 | Zig:22   | Identified the ring of Ethaitec {Fly rF- rC++ Int+5}
136656 | Zig:22   | Identified the +11 scimitar of Sin {drain, rC++ SInv}
136706 | Zig:23   | Entered Level 23 of a ziggurat
136726 | Zig:23   | Noticed a dread lich
136732 | Zig:23   | Paralysed by a wendigo for 1 turns
136744 | Zig:23   | Killed a dread lich
136913 | Zig:23   | Found the +2 pair of slick slippers {slick, slippery, EV+4}
136965 | Zig:23   | Identified the +7 sling of the Big Fish {heavy, Int+7}
136971 | Zig:23   | Identified the +2 sling of Gluttony {flame, rF++ Int+3
                  | Dex+3}
136975 | Zig:23   | Identified the +4 broad axe "Evutyzep" {freeze, rN++}
137023 | Zig:24   | Entered Level 24 of a ziggurat
137031 | Zig:24   | Noticed a royal mummy
137032 | Zig:24   | Noticed a royal mummy
137034 | Zig:24   | Noticed a royal mummy
137034 | Zig:24   | Noticed a royal mummy
137037 | Zig:24   | Noticed a royal mummy
137041 | Zig:24   | Killed a royal mummy
137041 | Zig:24   | Noticed a royal mummy
137042 | Zig:24   | Killed a royal mummy
137042 | Zig:24   | Killed a royal mummy
137042 | Zig:24   | Killed a royal mummy
137042 | Zig:24   | Killed a royal mummy
137047 | Zig:24   | Killed a royal mummy
137047 | Zig:24   | Noticed a royal mummy
137048 | Zig:24   | Reached skill level 1 in Air Magic
137049 | Zig:24   | Noticed a royal mummy
137050 | Zig:24   | Noticed a royal mummy
137056 | Zig:24   | Killed a royal mummy
137056 | Zig:24   | Killed a royal mummy
137056 | Zig:24   | Noticed a royal mummy
137057 | Zig:24   | Noticed a royal mummy
137058 | Zig:24   | Noticed a royal mummy
137061 | Zig:24   | Killed a royal mummy
137061 | Zig:24   | Killed a royal mummy
137061 | Zig:24   | Killed a royal mummy
137066 | Zig:24   | Killed a royal mummy
137068 | Zig:24   | Noticed a royal mummy
137069 | Zig:24   | Noticed a royal mummy
137071 | Zig:24   | Killed a royal mummy
137071 | Zig:24   | Killed a royal mummy
137074 | Zig:24   | Noticed a royal mummy
137080 | Zig:24   | Killed a royal mummy
137534 | Zig:24   | Found the +16 obsidian axe {drain, demonic, Mesm Drain Fly
                  | SInv}
137583 | Zig:24   | Identified the orb "Lyppit" {light, Contam Regen+ Int+4}
137591 | Zig:24   | Identified the amulet of Incredulity {Acrobat Rampage rElec
                  | Int+3 Slay-5}
137594 | Zig:24   | Identified the ring of Zutizif {rF+ rC+ SInv}
137612 | Zig:24   | Identified the +0 great sword of the Five Runes {spect, rF+
                  | Int+3}
137613 | Zig:24   | Identified the +4 morningstar "Vulyw" {freeze, Will++
                  | Stlth-}
137616 | Zig:24   | Identified the ring of Darkness {*Corrode EV+5 Str+3
                  | Slay+2}
137665 | Zig:25   | Entered Level 25 of a ziggurat
137675 | Zig:25   | Noticed a royal mummy
137676 | Zig:25   | Noticed a royal mummy
137683 | Zig:25   | Noticed a royal mummy
137684 | Zig:25   | Killed a royal mummy
137690 | Zig:25   | Noticed a royal mummy
137691 | Zig:25   | Noticed a royal mummy
137691 | Zig:25   | Noticed a royal mummy
137693 | Zig:25   | Killed a royal mummy
137693 | Zig:25   | Killed a royal mummy
137693 | Zig:25   | Noticed a royal mummy
137694 | Zig:25   | Killed a royal mummy
137695 | Zig:25   | Killed a royal mummy
137695 | Zig:25   | Killed a royal mummy
137695 | Zig:25   | Noticed a royal mummy
137696 | Zig:25   | Noticed a royal mummy
137697 | Zig:25   | Killed a royal mummy
137697 | Zig:25   | Noticed a royal mummy
137699 | Zig:25   | Noticed a royal mummy
137701 | Zig:25   | Killed a royal mummy
137701 | Zig:25   | Killed a royal mummy
137701 | Zig:25   | Killed a royal mummy
137702 | Zig:25   | Noticed a royal mummy
137710 | Zig:25   | Killed a royal mummy
137712 | Zig:25   | Killed a royal mummy
138093 | Zig:25   | Identified the +9 falchion of Demonic Fortitude {freeze,
                  | rF+ rC+ Stlth+}
138097 | Zig:25   | Identified the +3 orcbow "Kiyzipt" {freeze, Will+ Str+3
                  | Int+4}
138103 | Zig:25   | Identified the ring of Ikkotin {rC+ Int+3}
138105 | Zig:25   | Identified the staff of Actus Reus {rF+ Will+ Int+4 Dex+2
                  | SInv Fire}
138111 | Zig:25   | Identified the +8 trident "Cuqiente" {speed, Dex+3}
138201 | Zig:26   | Entered Level 26 of a ziggurat
138219 | Zig:26   | Noticed Pealar Luni the pandemonium lord
138224 | Zig:26   | Killed Pealar Luni the pandemonium lord
138289 | Zig:26   | Gained mutation: You are mostly covered in iridescent
                  | scales. (AC +4) [a cacodemon]
138290 | Zig:26   | Gained mutation: You do not regenerate when monsters are
                  | visible. [a cacodemon]
138295 | Zig:26   | Killed from afar by a Hell Sentinel

Illustrated notes

Levels and vault maps discovered:
D:1:      ldierk_walled_garden_2, layout_basic, minivault_27, st_stairs_1
D:2:      layout_basic
D:3:      layout_rooms, mainiacjoe_overflow_boulevard,
          mainiacjoe_overflow_24_doors, trog_hazing_becter, uniq_ijyb,
          uniq_terence
D:4:      layout_cave_pods, gammafunk_temple_overflow_claw
D:5:      layout_rooms, minmay_temple_entry_glass
D:6:      layout_loops_ring, moated_statue, kennysheep_small_square
D:7:      gammafunk_beogh_shrine, layout_loops_ring, roderic_batcave
D:8:      layout_loops_corners
D:9:      kennysheep_windowed_halls, layout_loops_ring, minmay_lair_entry_grove,
          orc_0_dummy, minmay_lizard_king
D:10:     layout_cave_pools, grunt_ministairs_11
D:11:     minmay_the_grid_square_5x5_3x3 [minmay_the_grid_square_5x5_shuriken,
          minmay_the_grid_square_5x5_two_walls_b,
          minmay_the_grid_square_5x5_lines,
          minmay_the_grid_square_5x5_almost_minimal,
          minmay_the_grid_square_5x5_megaprize_hollow,
          minmay_the_grid_square_5x5_checkered,
          minmay_the_grid_square_5x5_pentomino_r,
          minmay_the_grid_square_5x5_empty,
          minmay_the_grid_square_5x5_six_small], layout_stronghold,
          serial_shops, kennysheep_little_box
D:12:     minmay_chambers_of_sixes, layout_basic,
          nicolae_hepliaklqana_monster_ancestors
D:13:     minmay_shrinking_squares, layout_loops_ring, david_vaults_4,
          uniq_erolcha
D:14:     layout_irregular_city, hangedman_decor_riveting,
          gauntlet_entry_generic, serial_shops, shop, uniq_roxanne
D:15:     gammafunk_enter_depths_forms, layout_long_grid, hex_tiny,
          chequers_serial_rivers_micro_b
Temple:   kb_temple_of_zot
Lair:1:   layout_layer_cave, small_statue_intersection, hibernation_bobbens,
          uniq_harold, uniq_nergalle
Lair:2:   gammafunk_boulding_lane, layout_small_grid,
          nicolae_shoals_entry_roost, alex1729_snake_entry_snake, uniq_amaemon
Lair:3:   layout_hall_layers
Lair:4:   layout_cave_shapes, serial_bayou_shore_a
Lair:5:   gammafunk_lair_ancient_temple, layout_loops_ring, slime_entry_1
Shoals:1: nicolae_shoals_aurelia_aurita, layout_shoals, uniq_mlioglotl,
          uniq_louise
Shoals:2: layout_shoals, uniq_polyphemus
Shoals:3: layout_shoals
Shoals:4: shoals_end_grunt_ice, layout_shoals
Snake:1:  layout_layer_cave, serial_bayou_shore_b
Snake:2:  layout_layer_cave, ebering_ghost_xom, basic_altar, serial_shops,
          shop_fountains, serial_bayou_ford_a, minmay_shop_grove
Snake:3:  layout_layer_cave, uniq_nikola
Snake:4:  grunt_snake_rune_spirals, layout_onion_interference, ebering_ghost_xom
Slime:1:  layout_caves
Slime:2:  layout_caves
Slime:3:  layout_caves, nicolae_slime_round_cave, uniq_dissolution
Slime:4:  layout_caves
Slime:5:  slime_pit
Orc:1:    layout_diamond_mine
Orc:2:    pf_orc_diabolical, layout_caves, bh_open_orc_temple
Elf:1:    eino_elf_arrival_the_gate, layout_loops_cross,
          portal_ice_cave_entry_frozen_things, minmay_elf_necromancy,
          st_stairs_7, grunt_ministairs_15, nicolae_elf_v_pinch, uniq_kirke
Elf:2:    nicolae_elf_blades_crystal_corner, layout_rooms,
          infiniplex_enter_wizlab_water, corexii_checkpoint_a, uniq_azrael,
          uniq_jorgrun
Elf:3:    minmay_elf_hall_dome, layout_loops_ring, serial_aquarium,
          aquarium_bridge_square [aquarium_subvault_wall,
          aquarium_subvault_wall, aquarium_subvault_bridge,
          aquarium_subvault_bridge], aquarium_window_3, aquarium_window_1,
          aquarium_window_fake, aquarium_view_2d, aquarium_view_2c,
          aquarium_balcony_3b, aquarium_pool_2
Vaults:1: nicolae_vaults_network_quinsquares
          [nicolae_vaults_network_quincunx_subvault,
          nicolae_vaults_network_quincunx_subvault,
          nicolae_vaults_network_quincunx_subvault,
          nicolae_vaults_network_quincunx_subvault], st_hourglassy,
          ontoclasm_vaults_shuriken, nicolae_vaults_meiosis,
          nicolae_vaults_trapezoid_1, v_pattern_1, v_misc_17,
          nicolae_vaults_shrinking_rooms_2, hangedman_vaults_slice, v_misc_4,
          nicolae_vaults_little_squares_1, nicolae_vaults_little_squares_4,
          nicolae_vaults_diamond_1, serial_ice_h, layout_vaults_omnicross,
          serial_shops, bzr_entry_islet
Vaults:2: grunt_vaults_funnel, minmay_crypt_entry_simple_plaza, v_misc_15,
          vaults_room_ringed_pool, vaults_room_fancy_cross,
          nicolae_vaults_house_2, dpeg_vaults_monster_box,
          layout_vaults_omnigrid, uniq_asterion, uniq_aizul, uniq_saint_roka
Vaults:3: v_alt_pattern_3, nicolae_vaults_hexular_roomagon,
          nicolae_vaults_prndl, vaults_room_semicircle, v_misc_4,
          nicolae_vaults_closet_pinwheel_6, v_misc_17, vaults_room_pool,
          vaults_room_octagon, nicolae_vaults_mini_display_case,
          nicolae_vaults_apartment_2, nicolae_vaults_display_case, v_misc_19,
          nicolae_vaults_diamond_1, nicolae_vaults_turnstiles,
          layout_vaults_maze_snakey
Vaults:4: nicolae_vaults_stepped_doors, nicolae_vaults_tetromino_Z_2,
          nicolae_vaults_trapezoid_3, nicolae_vaults_yaktaur_gun_rack,
          nicolae_vaults_closet_pinwheel_3, ontoclasm_vaults_twist,
          vaults_room_pool, nicolae_vaults_trapezoid_1,
          nicolae_vaults_taking_the_gang_shopping, layout_vaults_big_room,
          uniq_donald, uniq_sojobo
Vaults:5: serial_shops
Crypt:1:  layout_misc_corridors, gammafunk_ghost_grave, fountainhead,
          palyth_stone_intersect
Crypt:2:  layout_basic, basic_altar, hangedman_summoners_spam,
          grunt_megastairs_1
Crypt:3:  grunt_crypt_end_deaths_head
Tomb:1
Depths:1: layout_big_octagon, nicolae_qazlal_eye_of_the_storm,
          hangedman_abyss_entry_splay, grunt_mini_vestibule,
          nicolae_nh_oracle_at_delphi, uniq_bai_suzhen
Depths:2: hangedman_pleasuredromes, pan_entry, serial_shops, hell_entry
Depths:3: grunt_bent_corner, layout_basic, enter_ziggurat_d,
          hellmonk_ghost_big_iron, nicolae_elyvilon_peaceful_grove,
          hangedman_coc_ice_floe, abyss_entry_small_statue_room, special_room
          [special_room_morgue], minivault_12
Depths:4: grunt_crosshair, layout_gridlike, pan_entry, serial_shops,
          nicolae_book_shop_shelving, hex_medium, hell_entry, door_vault,
          uniq_margery, uniq_frederick, uniq_vv
Zig:26

Skill      XL: |  1  2  3  4  5  6  7  8  9 10 11 12 13 14 15 16 17 18 19 20 21 22 23 24 25 26 27 |
---------------+----------------------------------------------------------------------------------+-----
Stealth        | 3 4 5 6 7 9 10 11 12 13 14 15 16 17 18 19 20 | 20.3
Translocations | 1 2 3 4 5 6 7 |  7.0
Fighting       | 1 2 3 4 5 6 7 8 9 10 11 12 13 14 18 | 18.0
Hexes          | 1 2 3 4 5 6 7 |  7.0
Shapeshifting  | 1 2 3 4 5 6 7 8 9 10 11 12 13 14 19 | 19.1
Conjurations   | 5 6 7 8 9 10 11 12 13 14 15 16 17 18 23 | 23.0
Dodging        | 3 4 5 6 7 8 9 10 11 12 13 14 16 | 16.8
Shields        | 1 2 3 4 5 6 7 8 9 10 11 12 13 14 | 14.0
Spellcasting   | 3 4 5 6 7 8 9 10 11 12 13 14 | 14.9
Earth Magic    | 4 6 8 9 11 12 13 14 17 24 | 24.0
Evocations     | 4 8 11 12 | 12.6
Ice Magic      | 9 14 15 | 15.2
Summonings     | 4 6 9 10 | 10.3
Fire Magic     | 23 | 23.0
Transmutations | 5 |  5.0
Air Magic      | 9 |  9.2

Action                     |  1- 3 |  4- 6 |  7- 9 | 10-12 | 13-15 | 16-18 | 19-21 | 22-24 | 25-27 || total
---------------------------+-------+-------+-------+-------+-------+-------+-------+-------+-------++-------
  Melee: Unarmed           |     3 |       |       |       |       |       |    47 |    36 |     1 ||    87
         Constrict         |    12 |    10 |    16 |    23 |    33 |    13 |    12 |     6 |    14 ||   139
         Dagger            |    39 |       |       |       |       |       |       |       |       ||    39
         Tentacles         |     6 |     6 |    17 |    18 |    58 |    35 |    10 |     3 |    28 ||   181
         Spear             |     2 |    87 |   140 |   132 |   246 |   131 |    32 |       |       ||   770
         Punch             |     1 |     1 |     1 |     1 |     6 |     3 |       |       |       ||    13
         Staff             |       |       |       |       |       |       |       |    12 |    67 ||    79
  Throw: Dart              |       |       |       |     2 |       |       |       |       |       ||     2
   Cast: Magic Dart        |    20 |       |       |       |       |       |       |       |       ||    20
         Searing Ray       |     6 |     1 |     5 |     2 |     3 |       |       |       |       ||    17
         Fulminant Prism   |       |     6 |    22 |   119 |   203 |    13 |    63 |       |       ||   426
         Iskenderun's Myst |       |       |     2 |    42 |   100 |    40 |    67 |    29 |    25 ||   305
         Leda's Unmaking   |       |       |       |       |    39 |   310 |   549 |   153 |    72 ||  1123
         Lee's Rapid Decon |       |       |       |       |   111 |    23 |    19 |    60 |    48 ||   261
         Orb of Destructio |       |       |       |       |    18 |   259 |   111 |    93 |    25 ||   506
         Irradiate         |       |       |       |       |     4 |     5 |     4 |    11 |     7 ||    31
         Freezing Cloud    |       |       |       |       |       |       |     5 |    27 |    19 ||    51
         Ozocubu's Refrige |       |       |       |       |       |       |       |    88 |    97 ||   185
         Spellforged Servi |       |       |       |       |       |       |       |       |   292 ||   292
         Lehudib's Crystal |       |       |       |       |       |       |       |       |   121 ||   121
         Shatter           |       |       |       |       |       |       |       |       |   130 ||   130
         Ignition          |       |       |       |       |       |       |       |       |    69 ||    69
         Fire Storm        |       |       |       |       |       |       |       |       |     8 ||     8
 Invoke: Call Merchant     |       |       |       |       |     3 |     2 |     2 |       |     4 ||    11
         Potion Petition   |       |       |       |       |     2 |     1 |     2 |     6 |    38 ||    49
Ability: Begin Untransform |       |       |       |       |       |       |     1 |     1 |     3 ||     5
         Breathe Fire      |       |       |       |       |       |       |       |       |     1 ||     1
  Evoke: Wand              |       |       |       |     7 |     5 |    12 |     3 |     1 |     7 ||    35
         Phial of floods   |       |       |       |       |     1 |     2 |       |       |     1 ||     4
         Lightning rod     |       |       |       |       |       |       |     4 |     6 |    15 ||    25
         Tin of tremorston |       |       |       |       |       |       |       |       |     3 ||     3
    Use: Scroll            |       |    13 |     7 |     5 |    10 |    11 |    10 |     6 |    39 ||   101
         Potion            |       |       |       |       |     4 |    10 |     7 |    16 |    61 ||    98
   Stab: Sleeping          |     9 |    12 |    10 |     7 |     3 |     2 |       |       |       ||    43
         Distracted        |       |     2 |     4 |     3 |     7 |     4 |       |       |     2 ||    22
 Armour: Skin              |    32 |    14 |    29 |    82 |   202 |   283 |   435 |   425 |  1702 ||  3204
  Dodge: Dodged            |    39 |    15 |    33 |    68 |   202 |   238 |   328 |   322 |  1150 ||  2395
  Block: Buckler           |       |     1 |    21 |    46 |   121 |   160 |    84 |    91 |   779 ||  1303
         Form:             |       |       |       |       |       |     1 |       |     1 |       ||     2
         Flux              |       |       |       |       |       |     1 |       |       |       ||     1
         Anaconda          |       |       |       |       |       |       |     2 |       |       ||     2
         Storm             |       |       |       |       |       |       |     1 |     1 |       ||     2
         Statue            |       |       |       |       |       |       |       |     1 |     5 ||     6
         Dragon            |       |       |       |       |       |       |       |       |     1 ||     1
         Death             |       |       |       |       |       |       |       |       |     3 ||     3

Table legend: (Time is in decaauts)
 A = Elapsed time spent in this place.
 B = Non-inter-level travel time spent in this place.
 C = Inter-level travel time spent in this place.
 D = Time resting spent in this place.
 E = Time spent auto-exploring this place.
 F = Levels seen in this place.
 G = Mean time per level.
                   A        B        C        D        E       F      G
               +--------+--------+--------+--------+--------+-----+--------+
         Total | 155972 | 146570 |   9402 |  54075 |  68206 |  81 | 1925.6 |
       Dungeon |  28304 |  24321 |   3983 |   5690 |  14863 |  15 | 1886.9 |
        Temple |     58 |      2 |     56 |      0 |      0 |   1 |   58.0 |
          Lair |  11779 |  10241 |   1538 |   3084 |   5921 |   5 | 2355.8 |
        Shoals |  12646 |  12485 |    161 |   6105 |   5234 |   4 | 3161.5 |
     Snake Pit |  22368 |  21482 |    886 |  11685 |   7520 |   4 | 5592.0 |
    Slime Pits |   4740 |   4557 |    183 |   1228 |   2592 |   5 |  948.0 |
  Orcish Mines |   4576 |   4302 |    274 |   1208 |   2280 |   2 | 2288.0 |
   Elven Halls |   7670 |   7530 |    140 |   3011 |   2915 |   3 | 2556.7 |
        Vaults |  23034 |  21585 |   1449 |  10004 |   8527 |   5 | 4606.8 |
         Crypt |   7705 |   7416 |    289 |   1837 |   3726 |   3 | 2568.3 |
          Tomb |   4689 |   4620 |     69 |   1600 |   1911 |   1 | 4689.0 |
        Depths |  15935 |  15565 |    370 |   5020 |   7115 |   4 | 3983.8 |
      Ziggurat |   9322 |   9322 |      0 |   2363 |   4761 |  26 |  358.5 |
        Bazaar |    185 |    185 |      0 |      0 |     80 |   1 |  185.0 |
      Ice Cave |   2181 |   2181 |      0 |   1236 |    363 |   1 | 2181.0 |
      Gauntlet |    772 |    772 |      0 |      0 |    396 |   1 |  772.0 |
               +--------+--------+--------+--------+--------+-----+--------+

Top non-repeatable levels by time:
 Snake:2: 10514 daAuts
Vaults:4: 8600 daAuts
    D:15: 5536 daAuts
Depths:3: 5323 daAuts
Vaults:1: 5247 daAuts
Shoals:3: 5242 daAuts
 Snake:1: 5072 daAuts
Vaults:2: 4928 daAuts
  Tomb:1: 4689 daAuts
     D:9: 4090 daAuts
Depths:4: 4054 daAuts
Depths:2: 3940 daAuts
 Crypt:3: 3790 daAuts
 Snake:4: 3718 daAuts
  Lair:2: 3311 daAuts
